Workbook
Name Print: #REF!
Name Print: #REF!
Name Print_1: #REF!
Name Print_1: #REF!
Name Print_12: #REF!
Name Print_12: #REF!
Name Print_2: #REF!
Name Print_2: #REF!
Name PRINT_3: #REF!
Name PRINT_3: #REF!
Name PRINT_4: #REF!
Name PRINT_4: #REF!
Name PRINT_ADMINISTR: #REF!
Name PRINT_ADMINISTR: #REF!
Name PRINT_ALL: #REF!
Name PRINT_ALL: #REF!
Name Print_area_M1: '[15]Income Statement'!#REF!
Name Print_area_M1: '[15]Income Statement'!#REF!
Name Print_Area_MI: #REF!
Name Print_Area_MI: #REF!
Name print_area_mi01: '[15]Income Statement'!#REF!
Name print_area_mi01: '[15]Income Statement'!#REF!
Name Print_Area_MI1: '[15]Income Statement'!#REF!
Name Print_Area_MI1: '[15]Income Statement'!#REF!
Name print_area_mi1a: '[15]Income Statement'!#REF!
Name print_area_mi1a: '[15]Income Statement'!#REF!
Name Print_area_MI2: '[15]Income Statement'!#REF!
Name Print_area_MI2: '[15]Income Statement'!#REF!
Name print_area_mi3: '[15]Income Statement'!#REF!
Name print_area_mi3: '[15]Income Statement'!#REF!
Name print_area_mia: '[15]Income Statement'!#REF!
Name print_area_mia: '[15]Income Statement'!#REF!
Name print_area_mii: '[15]Income Statement'!#REF!
Name print_area_mii: '[15]Income Statement'!#REF!
Name Print_Area_Reset: #N/A
Name print_areaMI1c: '[15]Income Statement'!#REF!
Name print_areaMI1c: '[15]Income Statement'!#REF!
Name PRINT_ASSUMPT: #REF!
Name PRINT_ASSUMPT: #REF!
Name PRINT_CONSTR_AN: #REF!
Name PRINT_CONSTR_AN: #REF!
Name PRINT_DEVELOPME: #REF!
Name PRINT_DEVELOPME: #REF!
Name PRINT_EXECUTIVE: #REF!
Name PRINT_EXECUTIVE: #REF!
Name PRINT_FINANCE: #REF!
Name PRINT_FINANCE: #REF!
Name Print_Hide9: #REF!
Name Print_Hide9: #REF!
Name PRINT_INTL_OPNS: #REF!
Name PRINT_INTL_OPNS: #REF!
Name PRINT_LEGAL: #REF!
Name PRINT_LEGAL: #REF!
Name Print_Macro__p: #REF!
Name Print_Macro__p: #REF!

Sheet TOC
C1: For the 12 months ended
C2: 46752
A3: Formula Rate Index
A4: California Grid Holdings LLC
A5: Table of Contents
B8: Formula Rate Template - Appendix III
A9: Attached Worksheets:
A10: Attachment No | B10: Worksheet Name
A12: 1 | B12: Formula Rate True-Up
A13: 2 | B13: Rate Base Worksheet
A14: 3 | B14: Return on Rate Base Worksheet
A15: 4 | B15: Interest on True-Up
A16: 5 | B16: True-Up Interest Rate Calculator
A17: 6 | B17: Depreciation and Amortization Rates
A18: 7 | B18: Prior Period Adjustments
A19: 8 | B19: Revenue Credit Detail
A20: 9 | B20: Excess or Deficient Accumulated Deferred Income Taxes - Summary
A21: 9a | B21: Regulatory Assets/Liabilities for Deficient/Excess ADIT - Averaging and Proration Adjustments
A22: 9b | B22: Re-measurement of ADIT and Tax-related Regulatory Assets and Liabilities
A23: 10 | B23: Project Revenue Requirement Worksheet
A24: 11a | B24: Accumulated Deferred Income Taxes (ADIT) Worksheet (Summary)
A25: 11b | B25: Accumulated Deferred Income Taxes (ADIT) Worksheet (Balances)
A26: 11c | B26: Accumulated Deferred Income Taxes (ADIT) Worksheet (Proration)
A27: 12 | B27: Project Cost Adjustments

Sheet Appendix III
B1: Formula Rate - Non-Levelized | M1: Page 1 of 5
A2: Rate Formula Template - Appendix III
A3: Utilizing FERC Form 1 Data
A4: California Grid Holdings LLC
M5: For the 12 months ended
M6: 46752
B8: (1) | D8: (2) | F8: (3) | I8: (4) | K8: (5)
A9: Line | K9: Allocated
A10: No. | D10: Source | K10: Amount
A11: 1 | B11: GROSS REVENUE REQUIREMENT | D11: (Page 3, Line 49) | K11: =K149 -> 7744334.5
B13: REVENUE CREDITS | D13: (Note A) | F13: Total | H13: Allocator (Note U)
A14: 2 | B14: Account No. 454 | D14: (Page 4, Line 20) | F14: =K189 -> 0 | H14: TP | I14: =K167 -> 1 | K14: =F14*I14 -> 0
A15: 3 | B15: Account No. 456.1 | D15: (Page 4, Line 21) | F15: =K191 -> 0 | H15: TP | I15: =K167 -> 1 | K15: =F15*I15 -> 0
A16: 4 | B16: TOTAL REVENUE CREDITS | D16: (Sum of Lines 2 through 3) | F16: =SUM(F14:F15) -> 0 | K16: =SUM(K14:K15) -> 0
A18: 5 | B18: Prior Period Adjustments | D18: Attachment 7, Line 18, Col. B (Note Y) | F18: ='Att 7 - Prior Period Adj'!F30 -> 0 | H18: DA | I18: 1 | K18: =F18*I18 -> 0
A19: 6 | B19: True-up Adjustment with Interest | D19: Attachment 1, Line 3, Col. G | F19: ='Att 1 - True-up'!H16 -> 0 | H19: DA | I19: 1 | K19: =F19*I19 -> 0
A21: 7 | B21: NET ANNUAL TRANSMISSION REVENUE REQUIREMENT | D21: (Line 1 less Line 4 plus Lines 5 and 6) | K21: =K11-K16+K18+K19 -> 7744334.5
B27: Formula Rate - Non-Levelized | M27: Page 2 of 5
A28: Rate Formula Template - Appendix III
A29: Utilizing FERC Form 1 Data
A30: California Grid Holdings LLC
M31: =$M$5 -> For the 12 months ended
M32: =$M$6 -> 46752
A34: Line | B34: (1) | D34: (2) | F34: (3) | I34: (4) | K34: (5)
A35: No. | B35: RATE BASE: (Note P) | D35: Source | F35: Company Total | H35: Allocator (Note U) | K35: Transmission
B36: GROSS PLANT IN SERVICE | D36: Note B | K36: (Col 3 times Col 4)
A37: 1 | B37: Production | D37: 205.46.g for end of year, records for other months | F37: 0 | H37: N/A | I37: 0 | K37: =F37*I37 -> 0
A38: 2 | B38: Transmission | D38: Attachment 2, Line 14, Col. (b) | F38: ='Att 2 - Rate Base'!D24 -> 0 | H38: TP | I38: =K167 -> 1 | K38: =F38*I38 -> 0
A39: 3 | B39: Distribution | D39: 207.75.g for end of year, records for other months | F39: 0 | H39: N/A | I39: 0 | K39: =F39*I39 -> 0
A40: 4 | B40: General & Intangible | D40: Attachment 2, Line 14, Col. (c) | F40: ='Att 2 - Rate Base'!E24 -> 0 | H40: WS | I40: =K176 -> 1 | K40: =F40*I40 -> 0
A41: 5 | B41: TOTAL GROSS PLANT | D41: (Sum of Lines 1 through 4) | F41: =SUM(F37:F40) -> 0 | H41: GP= | I41: =IF(K41>0,K41/F41,1) -> 1 | K41: =SUM(K37:K40) -> 0
A43: 6 | B43: ACCUMULATED DEPRECIATION | D43: Note B
A44: 7 | B44: Production | D44: 219.20-24.c for end of year, records for other months | F44: 0 | H44: N/A | I44: 0 | K44: =F44*I44 -> 0
A45: 8 | B45: Transmission | D45: Attachment 2, Line 14, Col. (h) | F45: ='Att 2 - Rate Base'!J24 -> 0 | H45: TP | I45: =K167 -> 1 | K45: =F45*I45 -> 0
A46: 9 | B46: Distribution | D46: 219.26.c for end of year, records for other months | F46: 0 | H46: N/A | I46: 0 | K46: =F46*I46 -> 0
A47: 10 | B47: General & Intangible | D47: Attachment 2, Line 14, Col. (i) | F47: ='Att 2 - Rate Base'!K24 -> 0 | H47: WS | I47: =K176 -> 1 | K47: =F47*I47 -> 0
A48: 11 | B48: TOTAL ACCUM. DEPRECIATION | D48: (Sum of Lines 7 through 10) | F48: =SUM(F44:F47) -> 0 | K48: =SUM(K44:K47) -> 0
A50: 12 | B50: NET PLANT IN SERVICE
A51: 13 | B51: Production | D51: (Line 1 - Line 7) | F51: =F37-F44 -> 0 | K51: =K37-K44 -> 0
A52: 14 | B52: Transmission | D52: (Line 2 - Line 8) | F52: =F38-F45 -> 0 | K52: =K38-K45 -> 0
A53: 15 | B53: Distribution | D53: (Line 3 - Line 9) | F53: =F39-F46 -> 0 | K53: =K39-K46 -> 0
A54: 16 | B54: General & Intangible | D54: (Line 4 - Line 10) | F54: =F40-F47 -> 0 | K54: =K40-K47 -> 0
A55: 17 | B55: TOTAL NET PLANT | D55: (Sum of Lines 13 through 16) | F55: =SUM(F51:F54) -> 0 | H55: NP= | I55: =IF(K55>0,K55/F55,1) -> 1 | K55: =SUM(K51:K54) -> 0
A57: 18 | B57: ADJUSTMENTS TO RATE BASE
A58: 19 | B58: Account No. 281 | D58: Note C | F58: 0 | H58: N/A | I58: 0 | K58: =F58*I58 -> 0
A59: 20 | B59: Account No. 282 | D59: Attachment 11a, line 23, col E (Note C) | F59: ='Att 11a - ADIT Summary'!G45 -> 0 | H59: NP | I59: =I55 -> 1 | K59: =F59*I59 -> 0
A60: 21 | B60: Account No. 283 | D60: Attachment 11a, line 28, col E (Note C) | F60: ='Att 11a - ADIT Summary'!G52 -> -4851876.5 | H60: NP | I60: =I55 -> 1 | K60: =F60*I60 -> -4851876.5
A61: 22 | B61: Account No. 190 | D61: Attachment 11a, line 18, col E (Note C) | F61: ='Att 11a - ADIT Summary'!G38 -> 6204812.7 | H61: NP | I61: =I55 -> 1 | K61: =F61*I61 -> 6204812.7
A62: 23 | B62: Deficient or (Excess) Accumulated Deferred Income Taxes | D62: Attachment 9, Line 7 (Note W) | F62: ='Att 9 - Excess-Def Summary'!E16 -> 0 | H62: NP | I62: =I55 -> 1 | K62: =F62*I62 -> 0
A63: 24 | B63: Account No. 255 | D63: Note V | F63: 0 | H63: NP | I63: =I55 -> 1 | K63: =F63*I63 -> 0
A64: 25 | B64: Unfunded Reserves | D64: Attachment 2, Line 43, Col. (h) | F64: ='Att 2 - Rate Base'!K74 -> 0 | H64: DA | I64: 1 | K64: =F64*I64 -> 0
A65: 26 | B65: CWIP | D65: Attachment 2, Line 14, Col. (d) | F65: ='Att 2 - Rate Base'!F24 -> 0 | H65: DA | I65: 1 | K65: =F65*I65 -> 0
A66: 27 | B66: Unamortized Regulatory Asset | D66: Attachment 2, Line 28, Col. (k) (Note D) | F66: ='Att 2 - Rate Base'!D43 -> 17338286 | H66: DA | I66: 1 | K66: =F66*I66 -> 17338286
A67: 27a | B67: Unamortized Regulatory Liabilities | D67: Attachment 2, Line 28, Col. (k1) (Note D) | F67: ='Att 2 - Rate Base'!E43 -> 0 | H67: DA | I67: 1 | K67: =F67*I67 -> 0
A68: 28 | B68: Unamortized Abandoned Plant | D68: Attachment 2, Line 28, Col. (l) (Note E) | F68: ='Att 2 - Rate Base'!F43 -> 0 | H68: DA | I68: 1 | K68: =F68*I68 -> 0
A69: 29 | B69: TOTAL ADJUSTMENTS | D69: (Sum of Lines 19 through 28) | F69: =SUM(F58:F68) -> 18691222 | K69: =SUM(K58:K68) -> 18691222
A71: 30 | B71: LAND HELD FOR FUTURE USE | D71: Attachment 2, Line 14, Col. (e) (Note F) | F71: ='Att 2 - Rate Base'!G24 -> 0 | H71: TP | I71: =K167 -> 1 | K71: =F71*I71 -> 0
A73: 31 | B73: WORKING CAPITAL | D73: Note G
A74: 32 | B74: Cash Working Capital | D74: 1/8*(Page 3, Line 18 minus Page 3, Line 15) | F74: =(1/8)*(F108-F105) -> 224868.5 | K74: =(1/8)*(K108-K105) -> 224868.5
A75: 33 | B75: Materials & Supplies | D75: Attachment 2, Line 14, Col. (f) | F75: ='Att 2 - Rate Base'!H24 -> 0 | H75: TP | I75: =K167 -> 1 | K75: =F75*I75 -> 0
A76: 34 | B76: Prepayments (Account 165) | D76: Attachment 2, Line 14, Col. (g) (Note Z) | F76: ='Att 2 - Rate Base'!I24 -> 0 | H76: GP | I76: =I41 -> 1 | K76: =F76*I76 -> 0
A77: 35 | B77: TOTAL WORKING CAPITAL | D77: (Sum of Lines 32 through 34) | F77: =SUM(F74:F76) -> 224868.5 | K77: =SUM(K74:K76) -> 224868.5
A79: 36 | B79: RATE BASE | D79: (Sum of Lines 17, 29, 30, and 35) | F79: =F55+F69+F71+F77 -> 18916091 | K79: =K55+K69+K71+K77 -> 18916091
B81: Formula Rate - Non-Levelized | M81: Page 3 of 5
A82: Rate Formula Template - Appendix III
A83: Utilizing FERC Form 1 Data
A84: California Grid Holdings LLC
M85: =$M$5 -> For the 12 months ended
M86: =$M$6 -> 46752
A88: Line | B88: (1) | D88: (2) | F88: (3) | I88: (4) | K88: (5)
A89: No. | D89: Source | F89: Company Total | H89: Allocator (Note U) | K89: Transmission
B90: O&M | K90: (Col 3 times Col 4)
A91: 1 | B91: Transmission | D91: 321.112.b | F91: 0 | H91: TP | I91: =K167 -> 1 | K91: =F91*I91 -> 0
A92: 2 | B92: Less Account 566 (Misc Trans Expense) | D92: 321.97.b | F92: 0 | H92: TP | I92: =K167 -> 1 | K92: =F92*I92 -> 0
A93: 3 | B93: Less Account 565 | D93: 321.96.b | F93: 0 | H93: TP | I93: =K167 -> 1 | K93: =F93*I93 -> 0
A94: 4 | B94: A&G | D94: 323.197.b | F94: 1798948 | H94: WS | I94: =K176 -> 1 | K94: =F94*I94 -> 1798948
A95: 5 | B95: Less FERC Annual Fees | D95: 351.h (Note H) | F95: 0 | H95: WS | I95: =K176 -> 1 | K95: =F95*I95 -> 0
A96: 6 | B96: Less EPRI and EEI Dues | D96: Note I | F96: 0 | H96: WS | I96: =K176 -> 1 | K96: =F96*I96 -> 0
A97: 7 | B97: Less Reg. Commission Expense Account 928 | D97: Note I | F97: 0 | H97: WS | I97: =K176 -> 1 | K97: =F97*I97 -> 0
A98: 8 | B98: Less: Non-safety Advertising account 930.1 | D98: Note I | F98: 0 | H98: WS | I98: =K176 -> 1 | K98: =F98*I98 -> 0
A99: 9
A100: 10 | B100: Plus Transmission Related Reg. Comm. Exp. | D100: Note J | F100: 0 | H100: TP | I100: =K167 -> 1 | K100: =F100*I100 -> 0
A101: 11
A102: 12 | B102: Plus Transmission Lease Payments in Acct 565 | D102: Note T | F102: 0 | H102: DA | I102: 1 | K102: =F102*I102 -> 0
A103: 13 | B103: Plus PBOP Expense | D103: Note R | F103: 0 | H103: WS | I103: 1 | K103: =F103*I103 -> 0
A104: 14 | B104: Account 566
A105: 15 | B105: Amortization of Regulatory Asset | D105: Note E | F105: 3852952 | H105: DA | I105: 1 | K105: =F105*I105 -> 3852952
A106: 16 | B106: Misc. Transmission Expense (less amort. of regulatory asset) | D106: 321.97.b less line 15 | F106: 0 | H106: TP | I106: =K167 -> 1 | K106: =F106*I106 -> 0
A107: 17 | B107: Total Account 566 | D107: (Sum of Lines 15 through 16) Ties to 321.97b | F107: =SUM(F105:F106) -> 3852952 | K107: =SUM(K105:K106) -> 3852952
A108: 18 | B108: TOTAL O&M | D108: (Sum of Lines 1, 4, 10, 12, 13 and 17 less Sum of Lines 2, 3, and 5 through 8) | F108: =F91+F94+F100+F102+F103+F107-F92-F93-SUM(F95:F98) -> 5651900 | K108: =K91+K94+K100+K102+K103+K107-K92-K93-SUM(K95:K98) -> 5651900
A110: 19 | B110: DEPRECIATION AND AMORTIZATION EXPENSE | D110: Note B
A111: 20 | B111: Transmission | D111: 336.7.b&d | F111: 0 | H111: TP | I111: =K167 -> 1 | K111: =F111*I111 -> 0
A112: 21 | B112: General & Intangible | D112: 336.10.b&d, 336.1.b&d | F112: 0 | H112: WS | I112: =K176 -> 1 | K112: =F112*I112 -> 0
A113: 22 | B113: Amortization of Abandoned Plant | D113: Note E | F113: 0 | H113: DA | I113: 1 | K113: =F113*I113 -> 0
A114: 23 | B114: TOTAL DEPRECIATION | D114: (Sum of Lines 20 through 22) | F114: =SUM(F111:F113) -> 0 | K114: =SUM(K111:K113) -> 0
A116: 24 | B116: TAXES OTHER THAN INCOME TAXES (Note K)
A117: 25 | B117: LABOR RELATED
A118: 26 | B118: Payroll | D118: 263.i | F118: 0 | H118: WS | I118: =K176 -> 1 | K118: =F118*I118 -> 0
A119: 27 | B119: Highway and vehicle | D119: 263.i | F119: 0 | H119: WS | I119: =K176 -> 1 | K119: =F119*I119 -> 0
A120: 28 | B120: PLANT RELATED
...

Sheet Att 1 - True-up
I1: Page 1 of 1
I2: For the months ended 12/31/27
A3: Attachment 1
A4: Formula Rate True-Up Worksheet
A5: California Grid Holdings LLC
B7: This Attachment 1 is used to calculate the annual formula rate true-up. The utility will enter the projected true-up year revenue requirements in Column C. The utility will prepare this formula rate template with the actual inputs for the true-up year included in Col. D, line 3. Interest on the true-up is provided in Column F (and is calculated in Att 4). Col. G computes the total true-up as the sum of Cols. E and F.
B8: Names of the projects and actual costs will be filled into the template in the first year actual values are available without the need for a section 205 filing to modify the template.
D10: Projected True-Up Year Revenue Req. | E10: Actual True-Up Year Revenue Req. | F10: Annual True-Up Calculation
A11: Line
A12: 1 | B12: True-Up Year
A13: 2 | D13: C | E13: D | F13: E | G13: F | H13: G
B14: A | C14: B
C15: Rate Year | D15: Net Revenue Requirement2 | E15: True-Up Year Net Revenue Requirement3 | F15: Net Under/(Over) Collection (D) - (C) | G15: True-Up Interest Income (Expense)4 (Att 4, Line 32) | H15: Total True-Up (E) + (F)
A16: 3 | B16: ATRR True-Up Calculation | D16: 0 | E16: 0 | F16: =E16-D16 -> 0 | G16: ='Att 4 - Interest on True-up'!H57 -> 0 | H16: =F16+G16 -> 0
A19: Notes
A20: 1) | B20: [reserved]
A21: 2) | B21: Projected ATRR for the true-up year from Page 1, Line 7 of Projection Appendix III.
A22: 3) | B22: Actual Net ATRR for the true-up year from Page 1, Line 7 of True-Up Appendix III.
A23: 4) | B23: Interest due on the true-up is calculated for the 24 month period from the start of the true-up year until the end of the year following the true-up year when the true-up will be included in rates. Total True-Up Interest is calculated on Attachment 4.

Sheet Att 2 - Rate Base
K1: Page 1 of 2
K2: ='Att 1 - True-up'!I2 -> For the months ended 12/31/27
A3: Attachment 2
A4: Rate Base Worksheet
A5: California Grid Holdings LLC
D7: Gross Plant in Service | F7: CWIP | G7: LHFFU | H7: Working Capital | J7: Accumulated Depreciation
A8: Line No | B8: Month | D8: Transmission | E8: General & Intangible | F8: CWIP in Rate Base | G8: Held for Future Use | H8: Materials & Supplies | I8: Prepayments | J8: Transmission | K8: General & Intangible
B9: (a) | D9: (b) | E9: (c) | F9: (d) | G9: (e) | H9: (f) | I9: (g) | J9: (h) | K9: (i)
B10: (Note A) | D10: 207.58.g for end of year, records for other months | E10: 205.5.g & 207.99.g for end of year, records for other months | F10: Note B - page 2, column C | G10: 214.47.d for end of year, records for other months | H10: 227.8.c & 227.16.c for end of year, records for other months | I10: 111.57.c for end of year, records for other months | J10: 219.25.c for end of year, records for other months | K10: 219.28.c & 200.21.c for end of year, records for other months
A11: 1 | B11: December | C11: Rate Year-1 | D11: 0 | E11: 0 | F11: =F54 -> 0 | G11: 0 | H11: 0 | I11: 0 | J11: 0 | K11: 0
A12: 2 | B12: January | C12: Rate Year | D12: 0 | E12: 0 | F12: =F55 -> 0 | G12: 0 | H12: 0 | I12: 0 | J12: 0 | K12: 0
A13: 3 | B13: February | C13: Rate Year | D13: 0 | E13: 0 | F13: =F56 -> 0 | G13: 0 | H13: 0 | I13: 0 | J13: 0 | K13: 0
A14: 4 | B14: March | C14: Rate Year | D14: 0 | E14: 0 | F14: =F57 -> 0 | G14: 0 | H14: 0 | I14: 0 | J14: 0 | K14: 0
A15: 5 | B15: April | C15: Rate Year | D15: 0 | E15: 0 | F15: =F58 -> 0 | G15: 0 | H15: 0 | I15: 0 | J15: 0 | K15: 0
A16: 6 | B16: May | C16: Rate Year | D16: 0 | E16: 0 | F16: =F59 -> 0 | G16: 0 | H16: 0 | I16: 0 | J16: 0 | K16: 0
A17: 7 | B17: June | C17: Rate Year | D17: 0 | E17: 0 | F17: =F60 -> 0 | G17: 0 | H17: 0 | I17: 0 | J17: 0 | K17: 0
A18: 8 | B18: July | C18: Rate Year | D18: 0 | E18: 0 | F18: =F61 -> 0 | G18: 0 | H18: 0 | I18: 0 | J18: 0 | K18: 0
A19: 9 | B19: August | C19: Rate Year | D19: 0 | E19: 0 | F19: =F62 -> 0 | G19: 0 | H19: 0 | I19: 0 | J19: 0 | K19: 0
A20: 10 | B20: September | C20: Rate Year | D20: 0 | E20: 0 | F20: =F63 -> 0 | G20: 0 | H20: 0 | I20: 0 | J20: 0 | K20: 0
A21: 11 | B21: October | C21: Rate Year | D21: 0 | E21: 0 | F21: =F64 -> 0 | G21: 0 | H21: 0 | I21: 0 | J21: 0 | K21: 0
A22: 12 | B22: November | C22: Rate Year | D22: 0 | E22: 0 | F22: =F65 -> 0 | G22: 0 | H22: 0 | I22: 0 | J22: 0 | K22: 0
A23: 13 | B23: December | C23: Rate Year | D23: 0 | E23: 0 | F23: =F66 -> 0 | G23: 0 | H23: 0 | I23: 0 | J23: 0 | K23: 0
A24: 14 | B24: Average of the 13 Monthly Balances | D24: =AVERAGE(D11:D23) -> 0 | E24: =AVERAGE(E11:E23) -> 0 | F24: =AVERAGE(F11:F23) -> 0 | G24: =AVERAGE(G11:G23) -> 0 | H24: =AVERAGE(H11:H23) -> 0 | I24: =AVERAGE(I11:I23) -> 0 | J24: =AVERAGE(J11:J23) -> 0 | K24: =AVERAGE(K11:K23) -> 0
A26: Adjustments to Rate Base
B27: Month | D27: Unamortized Regulatory Asset | E27: Unamortized Regulatory Liabilities | F27: Unamortized Abandoned Plant
B28: (j) | D28: (k) | E28: (k1) | F28: (l)
B29: (Note A) | D29: Note C | E29: Notes G & H | F29: Note D
A30: 15 | B30: December | C30: 2026 | D30: 19264762 | E30: 0 | F30: 0
A31: 16 | B31: January | C31: 2027 | D31: 18943683 | E31: 0 | F31: 0
A32: 17 | B32: February | C32: 2027 | D32: 18622603 | E32: 0 | F32: 0
A33: 18 | B33: March | C33: 2027 | D33: 18301524 | E33: 0 | F33: 0
A34: 19 | B34: April | C34: 2027 | D34: 17980445 | E34: 0 | F34: 0
A35: 20 | B35: May | C35: 2027 | D35: 17659365 | E35: 0 | F35: 0
A36: 21 | B36: June | C36: 2027 | D36: 17338286 | E36: 0 | F36: 0
A37: 22 | B37: July | C37: 2027 | D37: 17017206 | E37: 0 | F37: 0
A38: 23 | B38: August | C38: 2027 | D38: 16696127 | E38: 0 | F38: 0
A39: 24 | B39: September | C39: 2027 | D39: 16375048 | E39: 0 | F39: 0
A40: 25 | B40: October | C40: 2027 | D40: 16053968 | E40: 0 | F40: 0
A41: 26 | B41: November | C41: 2027 | D41: 15732889 | E41: 0 | F41: 0
A42: 27 | B42: December | C42: 2027 | D42: 15411810 | E42: 0 | F42: 0
A43: 28 | B43: Average of the 13 Monthly Balances | D43: =AVERAGE(D30:D42) -> 17338286 | E43: =AVERAGE(E30:E42) -> 0 | F43: =AVERAGE(F30:F42) -> 0
K45: Page 2 of 2
K46: =K2 -> For the months ended 12/31/27
A47: Attachment 2
A48: Rate Base Worksheet
A49: California Grid Holdings LLC
B50: Reconciliation of CWIP in Rate Base to FERC Form 1 - Note B
D51: Total CWIP | E51: Less: CWIP and AFUDC Excluded from Rate Base | F51: CWIP allowed in Rate Base
D52: (a) | E52: (b) | F52: (c) = (a) - (b)
D53: 216.b for end of year, records for other months | E53: Company records
A54: 29 | B54: December | C54: 2026 | D54: 27763925 | E54: 27763925 | F54: =D54-E54 -> 0
A55: 30 | B55: January | C55: 2027 | D55: 31161576 | E55: 31161576 | F55: =D55-E55 -> 0
A56: 31 | B56: February | C56: 2027 | D56: 34610424 | E56: 34610424 | F56: =D56-E56 -> 0
A57: 32 | B57: March | C57: 2027 | D57: 38100731 | E57: 38100731 | F57: =D57-E57 -> 0
A58: 33 | B58: April | C58: 2027 | D58: 41435665 | E58: 41435665 | F58: =D58-E58 -> 0
A59: 34 | B59: May | C59: 2027 | D59: 44613396 | E59: 44613396 | F59: =D59-E59 -> 0
A60: 35 | B60: June | C60: 2027 | D60: 48261272 | E60: 48261272 | F60: =D60-E60 -> 0
A61: 36 | B61: July | C61: 2027 | D61: 51485491 | E61: 51485491 | F61: =D61-E61 -> 0
A62: 37 | B62: August | C62: 2027 | D62: 54693042 | E62: 54693042 | F62: =D62-E62 -> 0
A63: 38 | B63: September | C63: 2027 | D63: 58011116 | E63: 58011116 | F63: =D63-E63 -> 0
A64: 39 | B64: October | C64: 2027 | D64: 61299487 | E64: 61299487 | F64: =D64-E64 -> 0
A65: 40 | B65: November | C65: 2027 | D65: 64567106 | E65: 64567106 | F65: =D65-E65 -> 0
A66: 41 | B66: December | C66: 2027 | D66: 68177886 | E66: 68177886 | F66: =D66-E66 -> 0
B67: Average of the 13 Monthly Balances | D67: =AVERAGE(D54:D66) -> 48013932 | E67: =AVERAGE(E54:E66) -> 48013932 | F67: =D67-E67 -> 0
B69: Unfunded Reserves (Notes A and E and F)
B70: (a) | C70: (b) | D70: (b.i) | E70: (b.ii) | F70: (c) | G70: (d) | H70: (e) | I70: (f) | J70: (g) | K70: (h)
B71: List of all reserves | D71: FERC balance sheet account where reserves are recorded | E71: FERC income statement account where expenses are recorded | F71: Amount | G71: Enter 1 if not in a trust or reserved account, enter zero (0) if included in a trust or reserved account | H71: Enter 1 if the accrual account is included in the formula rate, enter (0) if the accrual account is not included in the formula rate | I71: Enter the percentage paid for by customers less the percent associated with an offsetting liability on the balance sheet (Note F) | J71: Allocation (Plant or Labor Allocator) | K71: Amount Allocated, col. c x col. d x col. e x col. f x col. g
A72: 42a | C72: Reserve 1 | D72: 0 | E72: 0 | F72: 0 | G72: 0 | H72: 0 | I72: 0 | J72: 0 | K72: =F72*G72*H72*I72*J72 -> 0
A73: 42b | C73: Reserve 2 | D73: 0 | E73: 0 | F73: 0 | G73: 0 | H73: 0 | I73: 0 | J73: 0 | K73: =F73*G73*H73*I73*J73 -> 0
A74: 43 | C74: Total | F74: =SUM(F72:F73) -> 0 | K74: =SUM(K72:K73) -> 0
A76: Notes:
A77: A | B77: Calculate using 13 month average balance.
A78: B | B78: Recovery of CWIP in rate base must be approved by FERC. Lines 29-41 of page 2 provide a reconciliation of the Company's total CWIP to the CWIP allowed in rate base. The annual report filed pursuant to the Protocols will include for each project under construction (i) the CWIP balance eligible for inclusion in rate base; (ii) the CWIP balance ineligible for inclusion in rate base; and (iii) a demonstration that AFUDC is only applied to the CWIP balance that is not included in rate base. The annual report will also describe the reconciliation prepared on this Attachment.
A79: C | B79: A Regulatory Asset for pre-commercial, start-up and formation expenses is subject to FERC approval. Additionally, FERC must approve the recovery of the amortization of the Regulatory Asset prior to it being included in rates. Recovery of any other regulatory assets requires authorization from the Commission.
A80: D | B80: Recovery of abandoned plant is limited to any abandoned plant recovery authorized by FERC.
A81: E | B81: The Formula Rate shall include a credit to rate base for all unfunded reserves (funds collected from customers that (1) have not been set aside in a trust, escrow or restricted account; (2) whose balance are collected from customers through cost accruals to accounts that are recovered under the Formula Rate; and (3) exclude the portion of any balance offset by a balance sheet account (see Note G)). Each unfunded reserve will be included on lines 42 above. The allocator in Col. (g) will be the same allocator used in the formula for the cost accruals to the account that is recovered under the Formula Rate. Since reserves can be created by creating an offsetting balance sheet account, rather than through cost accruals, the amount to be deducted from rate base should exclude the portion offset by another balance sheet account.
A82: F | B82: Not all unfunded reserves are created only from contributions from customers. Many are created through an offsetting liability in whole or in part. Column (f) ensures only the portion of the unfunded reserve contributed by the customer (and not created by an offsetting liability) is a reduction to rate base.
A83: G | B83: The Unamortized Regulatory Liabilities balances will be sourced from company data that supports FERC Account 254. Any differences between what is booked to Account 254 and what is provided in the formula rate template will be explained in Note H.
A84: H

Sheet Att 3 - Return on Rate Base
I1: Page 1 of 1
J2: ='Att 2 - Rate Base'!K2 -> For the months ended 12/31/27
A3: Attachment 3
A4: Return on Rate Base Worksheet
A5: California Grid Holdings LLC
B7: RETURN ON RATE BASE ( R )
F8: $
A9: 1 | B9: Long Term Interest (117, sum of 62.c, 63.c, 64.c and 67.c less 65.c and 66.c ) (Note D) | F9: 0
A11: 2 | B11: Preferred Dividends (118.29c) (positive number) | F11: 0
A13: 3 | B13: Proprietary Capital (Line 25 (c)) | F13: =E41 -> 0
A14: 4 | B14: Less Preferred Stock (Line 9) | F14: =-F22 -> 0
A15: 5 | B15: Less Account 216.1 Undistributed Subsidiary Earnings (Line 25 (d)) | F15: =-F41 -> 0
A16: 6 | B16: Less Account 219 Accum. Other Comprehensive Income (Line 25 (e)) | F16: =-G41 -> 0
A17: 7 | B17: Common Stock | C17: (Sum of Lines 3 through 6) | F17: =SUM(F13:F16) -> 0
F20: $ | G20: % | H20: Cost | I20: Weighted
A21: 8 | B21: Long Term Debt | C21: Line 25 (a), Note A and Appendix III Note O | F21: =C41 -> 0 | G21: 0.4 | H21: 0.0568 | I21: =G21*H21 -> 0.02272 | J21: =WCLTD
A22: 9 | B22: Preferred Stock | C22: Line 25 (b), Note B and Appendix III Note O | F22: =D41 -> 0 | G22: 0 | H22: 0 | I22: =G22*H22 -> 0
A23: 10 | B23: Common Stock | C23: Line 7, Note C, Note E and Appendix III Note O | F23: =F17 -> 0 | G23: 0.6 | H23: 0.1055 | I23: =G23*H23 -> 0.0633
A24: 11 | B24: Total | C24: (Sum of Lines 8 through 10) | F24: =SUM(F21:F23) -> 0 | I24: =SUM(I21:I23) -> 0.08602 | J24: =R
C26: (a) | D26: (b) | E26: ( c ) | F26: (d) | G26: ( e )
B27: Monthly Balances for Capital Structure | C27: Long Term Debt Note A | D27: Preferred Stock (112.3.c) | E27: Proprietary Capital (112.16.c) | F27: Undistributed Sub Earnings 216.1 (112.12.c) (Note F) | G27: Accum Other Comp. Income 219 (112.15.c) (Note F)
A28: 12 | B28: December (Prior Year) | C28: 0 | D28: 0 | E28: 0 | F28: 0 | G28: 0
A29: 13 | B29: January | C29: 0 | D29: 0 | E29: 0 | F29: 0 | G29: 0
A30: 14 | B30: February | C30: 0 | D30: 0 | E30: 0 | F30: 0 | G30: 0
A31: 15 | B31: March | C31: 0 | D31: 0 | E31: 0 | F31: 0 | G31: 0
A32: 16 | B32: April | C32: 0 | D32: 0 | E32: 0 | F32: 0 | G32: 0
A33: 17 | B33: May | C33: 0 | D33: 0 | E33: 0 | F33: 0 | G33: 0
A34: 18 | B34: June | C34: 0 | D34: 0 | E34: 0 | F34: 0 | G34: 0
A35: 19 | B35: July | C35: 0 | D35: 0 | E35: 0 | F35: 0 | G35: 0
A36: 20 | B36: August | C36: 0 | D36: 0 | E36: 0 | F36: 0 | G36: 0
A37: 21 | B37: September | C37: 0 | D37: 0 | E37: 0 | F37: 0 | G37: 0
A38: 22 | B38: October | C38: 0 | D38: 0 | E38: 0 | F38: 0 | G38: 0
A39: 23 | B39: November | C39: 0 | D39: 0 | E39: 0 | F39: 0 | G39: 0
A40: 24 | B40: December | C40: 0 | D40: 0 | E40: 0 | F40: 0 | G40: 0
A41: 25 | B41: 13-Month Average | C41: =AVERAGE(C28:C40) -> 0 | D41: =AVERAGE(D28:D40) -> 0 | E41: =AVERAGE(E28:E40) -> 0 | F41: =AVERAGE(F28:F40) -> 0 | G41: =AVERAGE(G28:G40) -> 0
A43: Notes
A44: A | B44: Long Term debt balance will reflect the 13 month average of the balances, of which the 1st and 13th are found on page 112 lines 18.c to 21.c in the Form No. 1.
A45: B | B45: Preferred Stock balance will reflect the 13 month average of the balances, of which the 1st and 13th are found on page 112 line 3.c in the Form No. 1.
A46: C | B46: Common Stock balance will reflect the 13 month average of the balances, of which the 1st and 13th are found on Form 1 page 112 line 16.c less lines 3.c , 12.c, and 15.c.
A47: D | B47: Long-term interest will exclude any short-term interest included in FERC Account 430, Interest on Debt to Associated Companies.
A48: E | B48: Cost of Common Stock is inclusive of the base ROE of 10.55% plus the RTO participation adder of 50 basis points approved by FERC in 186 FERC ¶ 61,074 (2024). Any project-specific ROE adder approved by FERC would be incorporated into the Project Incentives on Attachment 12.
A49: F | B49: Monthly balances in the Form No. 1 may be positive or negative.

Sheet Att 4 - Interest on True-up
I1: Page 1 of 1
I2: ='Att 3 - Return on Rate Base'!J2 -> For the months ended 12/31/27
B3: Attachment 4
B4: Interest on True-Up Worksheet
B5: California Grid Holdings LLC
A7: Line
B8: Over (Under) Recovery | C8: From Att 1, Col F, Line 3
A11: 1 | B11: =-'Att 1 - True-up'!F16 -> 0
B16: Interest Rate on Amount of Refunds or Surcharges | D16: Over (Under) Recovery Plus Interest | E16: Monthly Interest Rate on Attachment 5 | F16: Months | G16: Calculated Interest | H16: Amortization | I16: Surcharge (Refund) Owed
A17: 2 | E17: ='Att 5 - Interest Rate'!F30 -> 0
B19: An over or under collection will be recovered pro rata over year collected, held for one year and returned pro rata over next year
B22: Calculation of Interest | G22: Monthly
A23: 3 | B23: January | C23: Rate Year | D23: =$B$11/12 -> 0 | E23: =$E$17 -> 0 | F23: 12 | G23: =D23*E23*F23*-1 -> 0 | I23: =(-G23+D23)*-1 -> 0
A24: 4 | B24: February | C24: Rate Year | D24: =$B$11/12 -> 0 | E24: =$E$17 -> 0 | F24: 11 | G24: =D24*E24*F24*-1 -> 0 | I24: =(-G24+D24)*-1 -> 0
A25: 5 | B25: March | C25: Rate Year | D25: =$B$11/12 -> 0 | E25: =$E$17 -> 0 | F25: 10 | G25: =D25*E25*F25*-1 -> 0 | I25: =(-G25+D25)*-1 -> 0
A26: 6 | B26: April | C26: Rate Year | D26: =$B$11/12 -> 0 | E26: =$E$17 -> 0 | F26: 9 | G26: =D26*E26*F26*-1 -> 0 | I26: =(-G26+D26)*-1 -> 0
A27: 7 | B27: May | C27: Rate Year | D27: =$B$11/12 -> 0 | E27: =$E$17 -> 0 | F27: 8 | G27: =D27*E27*F27*-1 -> 0 | I27: =(-G27+D27)*-1 -> 0
A28: 8 | B28: June | C28: Rate Year | D28: =$B$11/12 -> 0 | E28: =$E$17 -> 0 | F28: 7 | G28: =D28*E28*F28*-1 -> 0 | I28: =(-G28+D28)*-1 -> 0
A29: 9 | B29: July | C29: Rate Year | D29: =$B$11/12 -> 0 | E29: =$E$17 -> 0 | F29: 6 | G29: =D29*E29*F29*-1 -> 0 | I29: =(-G29+D29)*-1 -> 0
A30: 10 | B30: August | C30: Rate Year | D30: =$B$11/12 -> 0 | E30: =$E$17 -> 0 | F30: 5 | G30: =D30*E30*F30*-1 -> 0 | I30: =(-G30+D30)*-1 -> 0
A31: 11 | B31: September | C31: Rate Year | D31: =$B$11/12 -> 0 | E31: =$E$17 -> 0 | F31: 4 | G31: =D31*E31*F31*-1 -> 0 | I31: =(-G31+D31)*-1 -> 0
A32: 12 | B32: October | C32: Rate Year | D32: =$B$11/12 -> 0 | E32: =$E$17 -> 0 | F32: 3 | G32: =D32*E32*F32*-1 -> 0 | I32: =(-G32+D32)*-1 -> 0
A33: 13 | B33: November | C33: Rate Year | D33: =$B$11/12 -> 0 | E33: =$E$17 -> 0 | F33: 2 | G33: =D33*E33*F33*-1 -> 0 | I33: =(-G33+D33)*-1 -> 0
A34: 14 | B34: December | C34: Rate Year | D34: =$B$11/12 -> 0 | E34: =$E$17 -> 0 | F34: 1 | G34: =D34*E34*F34*-1 -> 0 | I34: =(-G34+D34)*-1 -> 0
A35: 15 | G35: =SUM(G23:G34) -> 0 | I35: =SUM(I23:I34) -> 0
G37: Annual
A38: 16 | B38: January through December | C38: Rate Yr. + 1 | D38: =I35 -> 0 | E38: =$E$17 -> 0 | F38: 12 | G38: =D38*E38*F38 -> 0 | I38: =G38+D38 -> 0
B40: Over (Under) Recovery Plus Interest Amortized and Recovered Over 12 Months | G40: Monthly
A41: 17 | B41: January | C41: Rate Yr. + 2 | D41: =-I38 -> 0 | E41: =$E$17 -> 0 | G41: =D41*E41*-1 -> 0 | H41: =PMT(E41,12,I38) -> 0 | I41: =(D41+D41*E41-H41)*-1 -> 0
A42: 18 | B42: February | C42: Rate Yr. + 2 | D42: =-I41 -> 0 | E42: =$E$17 -> 0 | G42: =D42*E42*-1 -> 0 | H42: =$H$41 -> 0 | I42: =(D42+D42*E42-H42)*-1 -> 0
A43: 19 | B43: March | C43: Rate Yr. + 2 | D43: =-I42 -> 0 | E43: =$E$17 -> 0 | G43: =D43*E43*-1 -> 0 | H43: =$H$41 -> 0 | I43: =(D43+D43*E43-H43)*-1 -> 0
A44: 20 | B44: April | C44: Rate Yr. + 2 | D44: =-I43 -> 0 | E44: =$E$17 -> 0 | G44: =D44*E44*-1 -> 0 | H44: =$H$41 -> 0 | I44: =(D44+D44*E44-H44)*-1 -> 0
A45: 21 | B45: May | C45: Rate Yr. + 2 | D45: =-I44 -> 0 | E45: =$E$17 -> 0 | G45: =D45*E45*-1 -> 0 | H45: =$H$41 -> 0 | I45: =(D45+D45*E45-H45)*-1 -> 0
A46: 22 | B46: June | C46: Rate Yr. + 2 | D46: =-I45 -> 0 | E46: =$E$17 -> 0 | G46: =D46*E46*-1 -> 0 | H46: =$H$41 -> 0 | I46: =(D46+D46*E46-H46)*-1 -> 0
A47: 23 | B47: July | C47: Rate Yr. + 2 | D47: =-I46 -> 0 | E47: =$E$17 -> 0 | G47: =D47*E47*-1 -> 0 | H47: =$H$41 -> 0 | I47: =(D47+D47*E47-H47)*-1 -> 0
A48: 24 | B48: August | C48: Rate Yr. + 2 | D48: =-I47 -> 0 | E48: =$E$17 -> 0 | G48: =D48*E48*-1 -> 0 | H48: =$H$41 -> 0 | I48: =(D48+D48*E48-H48)*-1 -> 0
A49: 25 | B49: September | C49: Rate Yr. + 2 | D49: =-I48 -> 0 | E49: =$E$17 -> 0 | G49: =D49*E49*-1 -> 0 | H49: =$H$41 -> 0 | I49: =(D49+D49*E49-H49)*-1 -> 0
A50: 26 | B50: October | C50: Rate Yr. + 2 | D50: =-I49 -> 0 | E50: =$E$17 -> 0 | G50: =D50*E50*-1 -> 0 | H50: =$H$41 -> 0 | I50: =(D50+D50*E50-H50)*-1 -> 0
A51: 27 | B51: November | C51: Rate Yr. + 2 | D51: =-I50 -> 0 | E51: =$E$17 -> 0 | G51: =D51*E51*-1 -> 0 | H51: =$H$41 -> 0 | I51: =(D51+D51*E51-H51)*-1 -> 0
A52: 28 | B52: December | C52: Rate Yr. + 2 | D52: =-I51 -> 0 | E52: =$E$17 -> 0 | G52: =D52*E52*-1 -> 0 | H52: =$H$41 -> 0 | I52: =(D52+D52*E52-H52)*-1 -> 0
A53: 29 | G53: =SUM(G41:G52) -> 0
A55: 30 | B55: Total Amount of True-Up Adjustment | H55: =SUM(H41:H52)*-1 -> 0
A56: 31 | B56: Less Over (Under) Recovery | H56: =B11 -> 0
A57: 32 | B57: Total Interest | H57: =H55+H56 -> 0

Sheet Att 5 - Interest Rate
J1: Page 1 of 1
J2: ='Att 4 - Interest on True-up'!I2 -> For the months ended 12/31/27
A3: Attachment 5
A4: True-Up Interest Rate Calculator
A5: California Grid Holdings LLC
A8: This Attachment is used to compute the interest rate to be applied to each year's revenue requirement true-up.
B10: Applicable FERC Interest Rate (Note A):
A11: 1 | C11: Rate Year January | F11: 0
A12: 2 | C12: Rate Year February | F12: 0
A13: 3 | C13: Rate Year March | F13: 0
A14: 4 | C14: Rate Year April | F14: 0
A15: 5 | C15: Rate Year May | F15: 0
A16: 6 | C16: Rate Year June | F16: 0
A17: 7 | C17: Rate Year July | F17: 0
A18: 8 | C18: Rate Year August | F18: 0
A19: 9 | C19: Rate Year September | F19: 0
A20: 10 | C20: Rate Year October | F20: 0
A21: 11 | C21: Rate Year November | F21: 0
A22: 12 | C22: Rate Year December | F22: 0
... A27: 17 | C27: Rate Year Plus 1 May | F27: 0
A29: 18 | B29: Average Rate | F29: =AVERAGE(F11:F27) -> 0
A30: 19 | B30: Monthly Average Rate | F30: =F29/12 -> 0
A32: Note A - Lines 1-17 are the FERC interest rates under section 35.19a of the regulations for the period shown. Line 18 is the average of lines 1-17.

Sheet Att 6 - Depreciation Rates
G1: Page 1 of 1
G2: For the 12 months ended 12/31/27
B3: Attachment 6
B4: Depreciation and Amortization Rates
B5: California Grid Holdings LLC
B7: TRANSMISSION, GENERAL AND INTANGIBLE PLANT DEPRECIATION RATES
G9: Annual Depreciation/Amortization Rates
G10: (Note A )
B11: INTANGIBLE PLANT
A13: 1 | B13: 301 | C13: Organization Fees | G13: 0.02
A14: 2 | B14: 302 | C14: Franchises & Consents | G14: Note B
A15: 3 | B15: 303 | C15: Intangible Plant | G15: Note C
B17: TRANSMISSION PLANT
A19: 1 | B19: 352 | C19: Structures & Improvements | G19: 0.0189
A20: 2 | B20: 353 | C20: Station Equipment | G20: 0.0233
A21: 3 | B21: 354 | C21: Towers & Fixtures | G21: 0.0181
A22: 4 | B22: 355 | C22: Poles & Fixtures | G22: 0.0251
A23: 5 | B23: 356 | C23: Overhead Conductors & Devices | G23: 0.0211
A24: 6 | B24: 357 | C24: Underground Conduit | G24: 0.0184
A25: 7 | B25: 358 | C25: Underground Conductors & Devices | G25: 0.021
A26: 8 | B26: 359 | C26: Roads and Trails | G26: 0.0167
B28: GENERAL PLANT
A30: 9 | B30: 397 | C30: Communication Equipment | G30: 0.0625
B32: Notes
B33: A | C33: These depreciation rates will not be changed absent a FERC order.
B34: B | C34: Items in this account will be amortized individually over the life of the contract or agreement terms. If no terms exist, they will be amortized at 2.00% per year. Once the amortization rate for a particular item is determined, the amortization rate may not be changed absent a section 205 or 206 filing.
B35: C | C35: Items in this account will be amortized individually over the life of the contract or agreement terms. If no terms exist, short-term items will be amortized at 20.00% per year and long-term items will be amortized at 6.67% per year. Once the amortization rate for a particular item is determined, the amortization rate may not be changed absent a section 205 or 206 filing.

Sheet Att 7 - Prior Period Adj
F1: Page 1 of 1
F2: ='Att 6 - Depreciation Rates'!G2 -> For the 12 months ended 12/31/27
A3: Attachment 7
A4: Prior Period Adjustments
A5: California Grid Holdings LLC
E8: (a) | F8: (b)
F9: Calendar Year
A11: Line No. | B11: Description | D11: Source | E11: Revenue Impact of Correction | F11: Revenue Requirement
A13: 1 | B13: Filing Name and Date | F13: 0
A14: 2 | B14: Original Revenue Requirement | F14: 0
A15: 3
A16: 4 | B16: Description of Correction 1 | F16: 0
A17: 5 | B17: Description of Correction 2 | F17: 0
A18: 6
A19: 7 | B19: Total Corrections | D19: Line 4 + 5 | F19: =F16+F17 -> 0
A20: 8
A21: 9 | B21: Corrected Revenue Requirement | D21: Line 2 + 7 | F21: =F14+F19 -> 0
A22: 10
A23: 11
A24: 12 | B24: Total Corrections | D24: Line 7 | F24: =F19 -> 0
A25: 13
A26: 14 | B26: Average Monthly FERC Refund Rate | D26: Note A | F26: 0
A27: 15 | B27: Number of Months of Interest | D27: Note B | F27: 30
A28: 16 | B28: Interest on Correction | D28: Line 12 x 14 x 15 | F28: =F24*F26*F27 -> 0
A29: 17
A30: 18 | B30: Total Annual Amount Due from / (to) Customers | D30: Line 12 + 16 | F30: =F24+F28 -> 0
A32: Notes
A33: A | B33: The interest rate on corrections will be the average monthly FERC interest rate for the period from the beginning of the year being corrected through the most recent month available as of the time the correction is computed and included in an annual filing.
A34: B | B34: The number of months interest due on the correction will be the number of months from the beginning of the year being corrected through June of the year in which the correction will be reflected in rates. In this manner the interest computed will reflect all years prior to when the correction is reflected in rates plus interest on the average unrefunded balance of the correction during the year the correction is reflected in rates.

Sheet Att 8 - Revenue Credits
F1: Page 1 of 1
F2: ='Att 7 - Prior Period Adj'!F2 -> For the 12 months ended 12/31/27
A3: Attachment 8
A4: Revenue Credit Detail
A5: California Grid Holdings LLC
D8: (a) | E8: (b) | F8: (c) = (a) - (b)
A9: Line No. | B9: (Note A) | C9: Source | D9: Company Total | E9: Less: Non Transmission | F9: Transmission-related
A10: 1 | B10: Account 454 - Rent from Electric Property
A11: 2 | B11: Joint pole attachments - telephone | C11: Company books | D11: 0 | E11: 0 | F11: =D11-E11 -> 0
A12: 3 | B12: Joint pole attachments - cable | C12: Company books | D12: 0 | E12: 0 | F12: =D12-E12 -> 0
A13: 4 | B13: Underground rentals | C13: Company books | D13: 0 | E13: 0 | F13: =D13-E13 -> 0
A14: 5 | B14: Transmission tower wireless rentals | C14: Company books | D14: 0 | E14: 0 | F14: =D14-E14 -> 0
A15: 6 | B15: Other rentals | C15: Company books | D15: 0 | E15: 0 | F15: =D15-E15 -> 0
A16: 7 | B16: Account 454 Revenue Credit | C16: Form 1 300.19.b | D16: =SUM(D11:D15) -> 0 | E16: =SUM(E11:E15) -> 0 | F16: =D16-E16 -> 0
A18: 8 | B18: Account 456 and 456.1 - Other Operating Revenues
A19: 9 | B19: CAISO NITS | C19: Company books | D19: 0 | E19: 0 | F19: =D19-E19 -> 0
A20: 10 | B20: CAISO Point to Point | C20: Company books | D20: 0 | E20: 0 | F20: =D20-E20 -> 0
A21: 11 | B21: Over/Under recovery deferral | C21: Company books | D21: 0 | E21: 0 | F21: =D21-E21 -> 0
A22: 12 | B22: Other CAISO revenues | C22: Company books | D22: 0 | E22: 0 | F22: =D22-E22 -> 0
A23: 13 | B23: Other | C23: Company books | D23: 0 | E23: 0 | F23: =D23-E23 -> 0
A24: 14 | B24: Total Per Books | C24: (300.21.b + 300.22.b) | D24: =SUM(D19:D23) -> 0 | E24: =SUM(E19:E23) -> 0 | F24: =D24-E24 -> 0
A25: 15 | B25: Less: Revenues received pursuant to this Formula Rate | D25: 0 | E25: 0 | F25: =D25-E25 -> 0
A26: 16 | B26: Less: Over/Under recovery deferral | D26: 0 | E26: 0 | F26: =D26-E26 -> 0
A27: 17 | B27: Account 456 and 456.1 Revenue Credit | C27: (Line 14 - line 15 - line 16) | D27: =D24-D25-D26 -> 0 | E27: =E24-E25-E26 -> 0 | F27: =D27-E27 -> 0
A29: 18 | B29: Total Revenue Credits | C29: (Line 7 + line 17) | D29: =D16+D27 -> 0 | E29: =E16+E27 -> 0 | F29: =D29-E29 -> 0
A32: Note A | B32: All 454 and 456.1 revenues will be detailed from Company books and records or FERC Form 1, and additional rows added if necessary. Non-transmission-related amounts will be deducted to determine transmission-related amounts.

Sheet Att 9 - Excess-Def Summary
N1: Page 1 of 4
A2: Attachment 9
A3: Excess or Deficient Accumulated Deferred Income Taxes - Summary
A4: California Grid Holdings LLC
A5: 2027 | B5: Projected
A7: Line No.
A8: 1 | B8: The primary purposes of this worksheet are to: - reconcile the amounts of regulatory assets and liabilities comprising the rate base adjustment mechanism on Appendix III, Page 2, Line 23 (ADJUSTMENTS TO RATE BASE > Deficient or (Excess) ADIT) as of the beginning and end of the current test period (summarized beginning at Line 3 below) and - to support the effect of such excess deferred tax expense or benefit on the revenue requirement as reflected in the income tax allowance adjustment mechanism on Appendix III, Page 3, Line 42 (INCOME TAXES > Deficient or (Excess) Deferred Income Tax Adjustment) during the test period (summarized beginning on Line 9 below). This worksheet supports the computation of the projected revenue requirement or, as appropriate, the actual revenue requirement used to compute the true-up adjustment. Tax law changes that impact deficient or excess accumulated deferred income taxes will be described in Note 1, as necessary
A9: =A8+1 -> 2 | B9: [List of tax law changes, accounting treatment, and asscociated explanatory notes.]
A11: =A9+1 -> 3 | B11: Rate Base Adjustment Mechanism - Summary
A13: =A11+1 -> 4 | B13: Account | E13: Amount | F13: References
A14: =+A13+1 -> 5 | B14: 182.3 (debit or <credit>) | E14: 0
A15: =+A14+1 -> 6 | B15: 254 (debit or <credit>) | E15: 0
A16: =+A15+1 -> 7 | B16: Total Deficient or (Excess) ADIT (sum of lines 5-6) | E16: =SUM(E14:E15) -> 0 | F16: To Appendix III, Page 2, Line 23, Col. (3)
A18: =A16+1 -> 8 | B18: The amounts summarized above are computed in the Rate Base Adjustment Mechanism-Reconciliation of Beginning and End of Test Period Balances section of the worksheet with proration and averaging of activity during the test period computed in different section of Attachment 9a for projected revenue requirement calculations and actual revenue requirement calculations.
A20: =A18+1 -> 9 | B20: Income Tax Allowance Adjustment Mechanism - Summary
B22: (a) | C22: (b) | D22: (c) | E22: (d) | F22: (e) | G22: (f)
A23: =+A20+1 -> 10 | E23: Amortization or Mitigation of Deficient or <Excess> ADIT | F23: Tax Gross-up Factor | G23: Amortization or Mitigation with Tax Gross-up
A24: =+A23+1 -> 11 | B24: [Insert rows as necessary] | E24: =H74 -> 0 | G24: =E24*F24 -> 0
A25: =A24&"a" -> 11a | B25: [Insert rows as necessary] | E25: =K87 -> 0 | G25: =E25*F25 -> 0
A26: =A24&"…" -> 11… | B26: [Insert rows as necessary] | E26: 0 | G26: 0
A27: =+A24+1 -> 12 | B27: Total | C27: ="(sum of lines "&A24&"_)" -> (sum of lines 11_) | E27: =SUM(E24:E26) -> 0 | G27: =SUM(G24:G26) -> 0
A28: =+A27+1 -> 13 | G28: To Appendix III, Page 3, Line 42, Col. (3)
A30: =A28+1 -> 14 | B30: [Explanatory statements as needed]
N31: Page 2 of 4
A32: Attachment 9
A33: Excess or Deficient Accumulated Deferred Income Taxes - Summary
A34: California Grid Holdings LLC
A36: =A30+1 -> 15 | B36: Rate Base Adjustment Mechanism - Reconciliation of Beginning and End of Test Period Balances
B38: (a) | C38: (b) | D38: (c) | E38: (d) | F38: (e) | G38: (f) | H38: (g) | I38: (h) | J38: (i) | K38: (j)
A39: =+A36+1 -> 16 | B39: Description (+ = debit, <> = credit) | E39: Balance at Beginning of Year | F39: Re-measurement of ADIT | G39: Annual Amortization (Note 4) | H39: Other Adjustments (Note 5) | I39: Balance at End of Year (d)+(e)+(f)+ (g) | J39: Whether subject to normalization rules (Note 6) | K39: Amortization period and method
A40: =+A39+1 -> 17 | B40: [Insert rows as necessary] | E40: 0 | F40: 0 | G40: 0 | H40: 0 | I40: =SUM(E40:H40) -> 0
A41: =A40&"a" -> 17a | B41: [Insert rows as necessary] | E41: 0 | F41: 0 | G41: 0 | H41: 0 | I41: =SUM(E41:H41) -> 0
A42: =A40&"b" -> 17b | B42: [Insert rows as necessary] | E42: 0 | F42: 0 | G42: 0 | H42: 0 | I42: =SUM(E42:H42) -> 0
A43: =A40&"..." -> 17... | B43: [Insert rows as necessary] | E43: 0 | F43: 0 | G43: 0 | H43: 0 | I43: =SUM(E43:H43) -> 0
A44: =+A40+1 -> 18 | B44: Total for account 182.3 | C44: ="(sum of lines "&A40&"_)" -> (sum of lines 17_) | E44: =SUM(E40:E43) -> 0 | F44: =SUM(F40:F43) -> 0 | G44: =SUM(G40:G43) -> 0 | H44: =SUM(H40:H43) -> 0 | I44: =SUM(I40:I43) -> 0
A45: =+A44+1 -> 19 | E45: FF1. pg 232 | I45: FF1. pg 232
A47: =A45+1 -> 20 | B47: [Insert rows as necessary] | E47: 0 | F47: 0 | G47: 0 | H47: 0 | I47: =SUM(E47:H47) -> 0
A48: =A47&"a" -> 20a | B48: [Insert rows as necessary] | E48: 0 | F48: 0 | G48: 0 | H48: 0 | I48: =SUM(E48:H48) -> 0
A49: =A47&"b" -> 20b | B49: [Insert rows as necessary] | E49: 0 | F49: 0 | G49: 0 | H49: 0 | I49: =SUM(E49:H49) -> 0
A50: =A47&"..." -> 20... | B50: [Insert rows as necessary] | E50: 0 | F50: 0 | G50: 0 | H50: 0 | I50: =SUM(E50:H50) -> 0
A51: =A47+1 -> 21 | B51: Total for account 254 | C51: ="(sum of lines "&A47&"_)" -> (sum of lines 20_) | E51: =SUM(E47:E50) -> 0 | F51: =SUM(F47:F50) -> 0 | G51: =SUM(G47:G50) -> 0 | H51: =SUM(H47:H50) -> 0 | I51: =SUM(I47:I50) -> 0
A52: =+A51+1 -> 22 | E52: FF1. pg 278 | I52: FF1. pg 278
A54: =+A52+1 -> 23 | B54: Analysis - Balances of tax-related regulatory assets and liabilities include tax gross-up. Accordingly, for the regulatory assets and liabilities for deficient or excess deferred taxes included in rate base, the related deferred tax assets and liabilities are also included in rate base. Remeasurements in column (e) are described in Notes 2 and 3 and are based on the journal entry below and the support on the worksheet for the applicable tax law change. Averaging or proration of amounts affecting rate base is computed on different sections of Attachment 9a for projected revenue requirement and actual revenue requirement.
A56: =A54+1 -> 24 | B56: Income Tax Allowance Adjustment Mechanism
A57: =+A56+1 -> 25 | B57: The income tax allowance adjustment mechanism may include amortization of excess or deficient ADIT pertaining to deferred tax expense or benefit reflected in rates at a historical tax rate when the underlying timing difference(s) originated (computed under Amortization of Excess or Deficient ADIT within the Income Tax Allowance Adjustment Mechanism section of this worksheet) as well as an adjustment for tax law changes with prospective effective dates intended to mitigate the over- or under-recovery of deferred income taxes originating prior to the effective date of such tax law changes (computed under Adjustment for Tax Law Changes with Prospective Effective Dates within the Income Tax Allowance Adjustment Mechanism section of this worksheet).
A59: =A57+1 -> 26 | B59: Amortization of Excess or Deficient ADIT
B60: (a) | C60: (b) | D60: (c) | E60: (d) | F60: (e) | G60: (f) | H60: (g) | I60: (h) | J60: (i) | K60: (j)
A61: =+A59+1 -> 27 | B61: Description (+ = debit, <> = credit) | F61: Annual Amortization from Table Above (Note 4) | G61: Debit or <Credit> to Account 410.1 | H61: Debit or <Credit> to Account 411.1 | I61: Debit or <Credit> to Account 190 | J61: Debit or <Credit> to Account 283 | K61: Comments
A62: =+A61+1 -> 28 | B62: [Insert rows as necessary] | F62: =G40 -> 0 | G62: 0 | H62: 0 | I62: 0 | J62: 0
A63: =A62&"a" -> 28a | B63: [Insert rows as necessary] | F63: =G41 -> 0 | G63: 0 | H63: 0 | I63: 0 | J63: 0
A64: =A62&"b" -> 28b | B64: [Insert rows as necessary] | F64: =G42 -> 0 | G64: 0 | H64: 0 | I64: 0 | J64: 0
A65: =A62&"..." -> 28... | B65: [Insert rows as necessary] | F65: =G43 -> 0 | G65: 0 | H65: 0 | I65: 0 | J65: 0
A66: =A62+1 -> 29 | B66: Total for account 182.3 | C66: ="(sum of lines "&A62&"_)" -> (sum of lines 28_) | F66: =SUM(F62:F65) -> 0 | G66: =SUM(G62:G65) -> 0 | H66: =SUM(H62:H65) -> 0 | I66: =SUM(I62:I65) -> 0 | J66: =SUM(J62:J65) -> 0
A68: =+A66+1 -> 30 | B68: [Insert rows as necessary] | F68: =G47 -> 0 | G68: 0 | H68: 0 | I68: 0 | J68: 0
A69: =A68&"a" -> 30a | B69: [Insert rows as necessary] | F69: =G48 -> 0 | G69: 0 | H69: 0 | I69: 0 | J69: 0
A70: =A68&"b" -> 30b | B70: [Insert rows as necessary] | F70: =G49 -> 0 | G70: 0 | H70: 0 | I70: 0 | J70: 0
A71: =A68&"..." -> 30... | B71: [Insert rows as necessary] | F71: 0 | G71: 0 | H71: 0 | I71: 0 | J71: 0
A72: =A68+1 -> 31 | B72: Total for account 254 | C72: ="(sum of lines "&A68&"_)" -> (sum of lines 30_) | F72: =SUM(F68:F71) -> 0 | G72: =SUM(G68:G71) -> 0 | H72: =SUM(H68:H71) -> 0 | I72: =SUM(I68:I71) -> 0 | J72: =SUM(J68:J71) -> 0
A73: =+A72+1 -> 32 | B73: Total amortization and offsetting entries | E73: ="(sum of lines "&A66&" & "&A72&")" -> (sum of lines 29 & 31) | F73: =F66+F72 -> 0 | G73: =G66+G72 -> 0 | H73: =H66+H72 -> 0 | I73: =I66+I72 -> 0 | J73: =J66+J72 -> 0
A74: =+A73+1 -> 33 | B74: Net income tax expense or benefit | E74: ="(sum of lines "&A73&G60&" & "&A73&H60&")" -> (sum of lines 32(f) & 32(g)) | H74: =G73+H73 -> 0 | K74: ="To line "&$A$24 -> To line 11
N77: Page 3 of 4
A78: Attachment 9
A79: Excess or Deficient Accumulated Deferred Income Taxes - Summary
A80: California Grid Holdings LLC
A82: =A74+1 -> 34 | B82: Adjustment for Tax Law Changes with Prospective Effective Dates
A83: =A82+1 -> 35 | B83: In the case of tax law changes with an effective date(s) after the beginning of the test period, the impact of a timing difference on current tax expense or benefit differs from the impact on ADIT. For example, in the case of a deductible timing difference originating in a tax year with a higher enacted tax rate than will apply when the difference will reverse, the current tax benefit will exceed the deferred tax expense. In this situation, the adjustment computed below to recoverable income tax expense is made in order to avoid over-recovering income tax expense in the current test period due to the excess of current tax benefit over deferred tax expense (computed based on the estimated amount of the future tax liability) with respect to a given timing difference. The adjustment to recoverable tax expense during the test period in which a timing difference originates mitigates the need for refund of a regulatory liability for excess deferred taxes in a future period (or, as applicable, the need for recovery of a regulatory asset for deficient deferred taxes in a future period). Amounts in column (i) are reported in the Income Tax Allowance Adjustment Mechanism - Summary on this worksheet.
B84: (a) | C84: (b) | D84: (c) | E84: (d) | F84: (e) | G84: (f) | H84: (g) | I84: (h) | J84: (i) | K84: (j) | L84: (k)
A85: =A83+1 -> 36 | D85: Originating Taxable or (Deductible) Book / Tax Difference for Test Year | E85: Tax Rate for Test Year | F85: Current Tax Expense or (Benefit) in Test Year | G85: Tax Gross-up Factor for Test Year | H85: Revemue Requirement Imapct for Test Year | I85: Enacted Tax Rate for the Reversal Year(s) | J85: Deferred Tax Expense or (Benefit) in Test Year | K85: Total Tax Expense or (Benefit) in Test Year | L85: Adjustment to Mitigate Over/under-recovery of Deferred Taxes
A86: =A85+1 -> 37 | F86: (c) x (d) | G86: 1 / (1- (d)) | H86: (e) x (f) | J86: - [(c) x (h)] | K86: (e) + (i) | L86: (j) x (f)
A87: =A86+1 -> 38 | B87: [Insert rows as necessary] | F87: =D87*E87 -> 0 | H87: =F87*G87 -> 0 | J87: =-D87*I87 -> 0 | K87: =F87+J87 -> 0 | L87: =K87*G87 -> 0 | M87: ="To line "&$A$24 -> To line 11
A88: =A87&"…" -> 38… | B88: [Insert rows as necessary] | F88: =D88*E88 -> 0 | H88: =F88*G88 -> 0 | J88: =-D88*I88 -> 0 | K88: =F88+J88 -> 0 | L88: =K88*G88 -> 0 | M88: ="To line "&$A$24 -> To line 11
A90: =A87+1 -> 39 | B90: Note 1 - Summary of re-measurement of ADIT resulting from tax law changes
A91: =A90+1 -> 40 | B91: The purposes of this portion of the worksheet are, for each change in tax law, to explain: - how any ADIT accounts were re-measured, - the excess or deficient ADIT contained therein, and - the accounting for any excess or deficient amounts in Accounts 182.3 (Other Regulatory Assets) and 254 (Other Regulatory Liabilities). Note 2 describes how ADIT accounts are re-measured upon a change in income tax law. A separate summary (i.e., Note 1a, Note 1b, etc.) will be added for each tax law change resulting in a re-measurement of ADIT.
A93: =A91+1 -> 41 | B93: Note 1a - Summary of re-measurement of ADIT resulting from | F93: [name of tax law change] | J93: Additional information is provided in Note
A95: =A93+1 -> 42 | B95: Re-measurement entry
B96: (a) | E96: (b) | F96: (c)
A97: =A95+1 -> 43 | B97: Account | E97: Debit or <Credit> | F97: Comments or References
A98: =A97+1 -> 44 | B98: 190
A99: =A98+1 -> 45 | B99: 281
A100: =A99+1 -> 46 | B100: 282
A101: =A100+1 -> 47 | B101: 283
A102: =A101+1 -> 48 | B102: 182.3 (tax-related, included in rate base - protected)
A103: =A102+1 -> 49 | B103: 182.3 (tax-related, included in rate base - unprotected)
A104: =A103+1 -> 50 | B104: 182.3 (tax-related, not in rate base))
A105: =A104+1 -> 51 | B105: 190 (related to portion of acct. 182.3 not in rate base)
A106: =A105+1 -> 52 | B106: 254 (tax-related, included in rate base - protected)
A107: =A106+1 -> 53 | B107: 254 (tax-related, included in rate base - unprotected)
A108: =A107+1 -> 54 | B108: 254 (tax-related, not in rate base)
A109: =A108+1 -> 55 | B109: 283 (related to portion of acct. 254 not in rate base)
A110: =A109+1 -> 56 | B110: Account 410.1
A111: =A110+1 -> 57 | B111: Account 411.1
A112: =A111+1 -> 58 | B112: Account 410.2
A113: =+A112+1 -> 59 | B113: Account 411.2
A114: =+A113+1 -> 60 | B114: Total | C114: ="(sum of lines "&A98&" - "&A113&")" -> (sum of lines 44 - 59) | E114: =SUM(E98:E113) -> 0
A116: =A114+1 -> 61 | B116: [Insert additional analysis.]
N118: Page 4 of 4
A119: Attachment 9
A120: Excess or Deficient Accumulated Deferred Income Taxes - Summary
A121: California Grid Holdings LLC
A123: =A116+1 -> 62 | B123: Note 1b - Summary of | C123: [name of tax law change] | K123: Additional information is provided in Note
...

Sheet Att 9a -Averaging & Proration
A1: Page 1 of 1
A2: Attachment 9a
A3: Regulatory Asset/Liabilities for Deficient/Excess ADIT - Averaging and Proration Adjustments
A4: Support for Attachment 9 (Excess or Deficient Accumulated Deferred Income Taxes - Summary)
A5: California Grid Holdings LLC
A6: 2027 | B6: Projected
A8: Line No.
A9: 1 | B9: Rate year =
A10: =+A9+1 -> 2 | B10: Test period days after rates become effective
B12: This attachment includes sections that are populated only with actual data and thus, these sections remain blank when the formula rate template is calculating a projected revenue requirement. Columns (i) through (n) below are not used for the projection and are only populated with actual data for the Annual Update.
A14: =+A10+1 -> 3 | B14: Note 1 - The computations below apply the proration rules of Treasury Regulation section 1.167(l)-1(h)(6) to the annual activity of the portions of the deficient or excess accumulated deferred income taxes recorded in account 182.3 or 254 that are subject to the normalization requirements. Activity related to the portions of the account balances reflected in rate base but not subject to the proration requirement is averaged instead of prorated. The balances below include tax gross-up. The corresponding portions of the deferred tax asset related to the portions of the regulatory liability and the corresponding portions of the deferred tax liability related to the portions of the regulatory asset are also reflected in rate base and prorated or averaged, as appropriate. Columns (a) through (h) are used for projected and actual revenue requirements computations. Columns (i) through (n) are used for actual revenue requirement computations.
A16: =A14+1 -> 4 | B16: Account 182.3 - Other Regulatory Assets (portion related to deficient or excess ADIT)
A18: =A16+1 -> 5 | G18: Amount debit / <credit>
A19: =+A18+1 -> 6 | B19: Beginning balance (debit or <credit>) | G19: 0
A20: =+A19+1 -> 7 | B20: Less: Portion not related to transmission | G20: 0
A21: =+A20+1 -> 8 | B21: Less: Portion not reflected in rate base | G21: 0
A22: =+A21+1 -> 9 | B22: Subtotal: Portion reflected in rate base | G22: =+G19-G21-G20 -> 0
A23: =+A22+1 -> 10 | B23: Less: Portion subject to proration | G23: 0
A24: =+A23+1 -> 11 | B24: Portion subject to averaging (debit or <credit>) | G24: =+G22-G23 -> 0
A26: =+A24+1 -> 12 | B26: Ending balance (debit or <credit>) | G26: 0
A27: =+A26+1 -> 13 | B27: Less: Portion not related to transmission | G27: 0
A28: =+A27+1 -> 14 | B28: Less: Portion not reflected in rate base | G28: 0
A29: =+A28+1 -> 15 | B29: Subtotal: Portion reflected in rate base | G29: =+G26-G27-G28 -> 0
A30: =+A29+1 -> 16 | B30: Less: Portion subject to proration (before proration) | G30: 0
A31: =+A30+1 -> 17 | B31: Portion subject to averaging (before averaging) (debit or <credit>) | G31: =+G29-G30 -> 0
A33: =+A31+1 -> 18 | B33: Ending balance of portion subject to proration (prorated) (debit or <credit>) | G33: =P53 -> 0 | H33: ="From Line "&A53&P38 -> From Line 36(n)
A34: =+A33+1 -> 19 | B34: Average balance of portion subject to averaging | G34: =+(G24+G31)/2 -> 0
A35: =+A34+1 -> 20 | B35: Amount reflected in rate base (debit or <credit>) | G35: =+G33+G34 -> 0 | H35: To Att. 9, Line 5
A37: =A35+1 -> 21 | B37: Account 182.3 - Other Regulatory Assets (portion related to deficient or excess ADIT) | K37: Columns (i) through (n) are not used for the calculation of the projected revenue requirement
B38: (a) | C38: (b) | D38: (c) | E38: (d) | F38: (e) | G38: (f) | H38: (g) | I38: (h) | K38: (i) | L38: (j) | M38: (k) | N38: (l) | O38: (m) | P38: (n)
A39: =+A37+1 -> 22 | B39: Month | C39: Year | D39: Forecasted Monthly Activity debit / <credit> | E39: Forecasted Month-end Balance debit / <credit> | F39: Days until End of Test Period | G39: Days in Test Period | H39: Prorated Forecasted Monthly Activity debit / <credit> | I39: Forecasted Prorated Month-end Balance debit / <credit> | K39: Actual Monthly Activity | L39: Difference between projected monthly and actual monthly activity. | M39: Preserve projected proration when actual monthly and projected monthly activity are either both increases or decreases. | N39: Fifty percent of the difference between projected and actual activity when actual and projected activity are either both increases or decreases. | O39: Fifty percent of actual monthly activity when projected activity is an increase while actual activity is a decrease OR projected activity is a decrease while actual activity is an increase. | P39: Balance reflecting proration or averaging
A40: =+A39+1 -> 23 | E40: prior month (d) + (c) | G40: Line 2 | H40: [(c) x (e) / (f)] | I40: prior month (h) + (g) | L40: (i) - (c) [Note 4] | M40: [Note 5] | N40: [Note 6] | O40: [Note 7] | P40: [Note 8]
A41: =+A40+1 -> 24 | B41: December 31, | C41: - | D41: NA | E41: 0 | F41: NA | G41: =F10 -> 0 | H41: NA | I41: =E41 -> 0 | K41: NA | L41: NA | M41: NA | N41: NA | O41: NA | P41: =G23 -> 0
A42: =+A41+1 -> 25 | B42: January | C42: - | D42: 0 | E42: =E41+D42 -> 0 | G42: =G41 -> 0 | H42: =IFERROR(D42*F42/G42,0) -> 0 | I42: =+I41+H42 -> 0 | K42: 0 | L42: =K42-D42 -> 0 | M42: =IF(AND( D42>=0, K42>=0), IF( L42>=0, H42, K42/ D42* H42), IF(AND( D42<0, K42<0), IF( L42<0,H42, K42/ D42* H42),0)) -> 0 | N42: =IF(AND( D42>=0, K42>=0), IF( L42>=0, L42*50%,0), IF(AND( D42<0, K42<0),IF( L42<0, L42*50%,0),0)) -> 0 | O42: =IF(AND( D42>=0, K42<=0), K42*50%, IF(AND( D42<0, K42>=0), K42*50%,0)) -> 0 | P42: =P41+M42+N42+O42 -> 0
A43: =+A42+1 -> 26 | B43: February | C43: - | D43: 0 | E43: =E42+D43 -> 0 | F43: 307 | G43: =G42 -> 0 | H43: =IFERROR(D43*F43/G43,0) -> 0 | I43: =+I42+H43 -> 0 | K43: 0 | L43: =K43-D43 -> 0 | M43: =IF(AND( D43>=0, K43>=0), IF( L43>=0, H43, K43/ D43* H43), IF(AND( D43<0, K43<0), IF( L43<0,H43, K43/ D43* H43),0)) -> 0 | N43: =IF(AND( D43>=0, K43>=0), IF( L43>=0, L43*50%,0), IF(AND( D43<0, K43<0),IF( L43<0, L43*50%,0),0)) -> 0 | O43: =IF(AND( D43>=0, K43<=0), K43*50%, IF(AND( D43<0, K43>=0), K43*50%,0)) -> 0 | P43: =P42+M43+N43+O43 -> 0
A44: =+A43+1 -> 27 | B44: March | C44: - | D44: 0 | E44: =E43+D44 -> 0 | F44: 276 | G44: =G43 -> 0 | H44: =IFERROR(D44*F44/G44,0) -> 0 | I44: =+I43+H44 -> 0 | K44: 0 | L44: =K44-D44 -> 0 | M44: =IF(AND( D44>=0, K44>=0), IF( L44>=0, H44, K44/ D44* H44), IF(AND( D44<0, K44<0), IF( L44<0,H44, K44/ D44* H44),0)) -> 0 | N44: =IF(AND( D44>=0, K44>=0), IF( L44>=0, L44*50%,0), IF(AND( D44<0, K44<0),IF( L44<0, L44*50%,0),0)) -> 0 | O44: =IF(AND( D44>=0, K44<=0), K44*50%, IF(AND( D44<0, K44>=0), K44*50%,0)) -> 0 | P44: =P43+M44+N44+O44 -> 0
A45: =+A44+1 -> 28 | B45: April | C45: - | D45: 0 | E45: =E44+D45 -> 0 | F45: 246 | G45: =G44 -> 0 | H45: =IFERROR(D45*F45/G45,0) -> 0 | I45: =+I44+H45 -> 0 | K45: 0 | L45: =K45-D45 -> 0 | M45: =IF(AND( D45>=0, K45>=0), IF( L45>=0, H45, K45/ D45* H45), IF(AND( D45<0, K45<0), IF( L45<0,H45, K45/ D45* H45),0)) -> 0 | N45: =IF(AND( D45>=0, K45>=0), IF( L45>=0, L45*50%,0), IF(AND( D45<0, K45<0),IF( L45<0, L45*50%,0),0)) -> 0 | O45: =IF(AND( D45>=0, K45<=0), K45*50%, IF(AND( D45<0, K45>=0), K45*50%,0)) -> 0 | P45: =P44+M45+N45+O45 -> 0
A46: =+A45+1 -> 29 | B46: May | C46: - | D46: 0 | E46: =E45+D46 -> 0 | F46: 215 | G46: =G45 -> 0 | H46: =IFERROR(D46*F46/G46,0) -> 0 | I46: =+I45+H46 -> 0 | K46: 0 | L46: =K46-D46 -> 0 | M46: =IF(AND( D46>=0, K46>=0), IF( L46>=0, H46, K46/ D46* H46), IF(AND( D46<0, K46<0), IF( L46<0,H46, K46/ D46* H46),0)) -> 0 | N46: =IF(AND( D46>=0, K46>=0), IF( L46>=0, L46*50%,0), IF(AND( D46<0, K46<0),IF( L46<0, L46*50%,0),0)) -> 0 | O46: =IF(AND( D46>=0, K46<=0), K46*50%, IF(AND( D46<0, K46>=0), K46*50%,0)) -> 0 | P46: =P45+M46+N46+O46 -> 0
A47: =+A46+1 -> 30 | B47: June | C47: - | D47: 0 | E47: =E46+D47 -> 0 | F47: 185 | G47: =G46 -> 0 | H47: =IFERROR(D47*F47/G47,0) -> 0 | I47: =+I46+H47 -> 0 | K47: 0 | L47: =K47-D47 -> 0 | M47: =IF(AND( D47>=0, K47>=0), IF( L47>=0, H47, K47/ D47* H47), IF(AND( D47<0, K47<0), IF( L47<0,H47, K47/ D47* H47),0)) -> 0 | N47: =IF(AND( D47>=0, K47>=0), IF( L47>=0, L47*50%,0), IF(AND( D47<0, K47<0),IF( L47<0, L47*50%,0),0)) -> 0 | O47: =IF(AND( D47>=0, K47<=0), K47*50%, IF(AND( D47<0, K47>=0), K47*50%,0)) -> 0 | P47: =P46+M47+N47+O47 -> 0
A48: =+A47+1 -> 31 | B48: July | C48: - | D48: 0 | E48: =E47+D48 -> 0 | F48: 154 | G48: =G47 -> 0 | H48: =IFERROR(D48*F48/G48,0) -> 0 | I48: =+I47+H48 -> 0 | K48: 0 | L48: =K48-D48 -> 0 | M48: =IF(AND( D48>=0, K48>=0), IF( L48>=0, H48, K48/ D48* H48), IF(AND( D48<0, K48<0), IF( L48<0,H48, K48/ D48* H48),0)) -> 0 | N48: =IF(AND( D48>=0, K48>=0), IF( L48>=0, L48*50%,0), IF(AND( D48<0, K48<0),IF( L48<0, L48*50%,0),0)) -> 0 | O48: =IF(AND( D48>=0, K48<=0), K48*50%, IF(AND( D48<0, K48>=0), K48*50%,0)) -> 0 | P48: =P47+M48+N48+O48 -> 0
A49: =+A48+1 -> 32 | B49: August | C49: - | D49: 0 | E49: =E48+D49 -> 0 | F49: 123 | G49: =G48 -> 0 | H49: =IFERROR(D49*F49/G49,0) -> 0 | I49: =+I48+H49 -> 0 | K49: 0 | L49: =K49-D49 -> 0 | M49: =IF(AND( D49>=0, K49>=0), IF( L49>=0, H49, K49/ D49* H49), IF(AND( D49<0, K49<0), IF( L49<0,H49, K49/ D49* H49),0)) -> 0 | N49: =IF(AND( D49>=0, K49>=0), IF( L49>=0, L49*50%,0), IF(AND( D49<0, K49<0),IF( L49<0, L49*50%,0),0)) -> 0 | O49: =IF(AND( D49>=0, K49<=0), K49*50%, IF(AND( D49<0, K49>=0), K49*50%,0)) -> 0 | P49: =P48+M49+N49+O49 -> 0
A50: =+A49+1 -> 33 | B50: September | C50: - | D50: 0 | E50: =E49+D50 -> 0 | F50: 93 | G50: =G49 -> 0 | H50: =IFERROR(D50*F50/G50,0) -> 0 | I50: =+I49+H50 -> 0 | K50: 0 | L50: =K50-D50 -> 0 | M50: =IF(AND( D50>=0, K50>=0), IF( L50>=0, H50, K50/ D50* H50), IF(AND( D50<0, K50<0), IF( L50<0,H50, K50/ D50* H50),0)) -> 0 | N50: =IF(AND( D50>=0, K50>=0), IF( L50>=0, L50*50%,0), IF(AND( D50<0, K50<0),IF( L50<0, L50*50%,0),0)) -> 0 | O50: =IF(AND( D50>=0, K50<=0), K50*50%, IF(AND( D50<0, K50>=0), K50*50%,0)) -> 0 | P50: =P49+M50+N50+O50 -> 0
A51: =+A50+1 -> 34 | B51: October | C51: - | D51: 0 | E51: =E50+D51 -> 0 | F51: 62 | G51: =G50 -> 0 | H51: =IFERROR(D51*F51/G51,0) -> 0 | I51: =+I50+H51 -> 0 | K51: 0 | L51: =K51-D51 -> 0 | M51: =IF(AND( D51>=0, K51>=0), IF( L51>=0, H51, K51/ D51* H51), IF(AND( D51<0, K51<0), IF( L51<0,H51, K51/ D51* H51),0)) -> 0 | N51: =IF(AND( D51>=0, K51>=0), IF( L51>=0, L51*50%,0), IF(AND( D51<0, K51<0),IF( L51<0, L51*50%,0),0)) -> 0 | O51: =IF(AND( D51>=0, K51<=0), K51*50%, IF(AND( D51<0, K51>=0), K51*50%,0)) -> 0 | P51: =P50+M51+N51+O51 -> 0
A52: =+A51+1 -> 35 | B52: November | C52: - | D52: 0 | E52: =E51+D52 -> 0 | F52: 32 | G52: =G51 -> 0 | H52: =IFERROR(D52*F52/G52,0) -> 0 | I52: =+I51+H52 -> 0 | K52: 0 | L52: =K52-D52 -> 0 | M52: =IF(AND( D52>=0, K52>=0), IF( L52>=0, H52, K52/ D52* H52), IF(AND( D52<0, K52<0), IF( L52<0,H52, K52/ D52* H52),0)) -> 0 | N52: =IF(AND( D52>=0, K52>=0), IF( L52>=0, L52*50%,0), IF(AND( D52<0, K52<0),IF( L52<0, L52*50%,0),0)) -> 0 | O52: =IF(AND( D52>=0, K52<=0), K52*50%, IF(AND( D52<0, K52>=0), K52*50%,0)) -> 0 | P52: =P51+M52+N52+O52 -> 0
A53: =+A52+1 -> 36 | B53: December | C53: - | D53: 0 | E53: =E52+D53 -> 0 | F53: 1 | G53: =G52 -> 0 | H53: =IFERROR(D53*F53/G53,0) -> 0 | I53: =+I52+H53 -> 0 | K53: 0 | L53: =K53-D53 -> 0 | M53: =IF(AND( D53>=0, K53>=0), IF( L53>=0, H53, K53/ D53* H53), IF(AND( D53<0, K53<0), IF( L53<0,H53, K53/ D53* H53),0)) -> 0 | N53: =IF(AND( D53>=0, K53>=0), IF( L53>=0, L53*50%,0), IF(AND( D53<0, K53<0),IF( L53<0, L53*50%,0),0)) -> 0 | O53: =IF(AND( D53>=0, K53<=0), K53*50%, IF(AND( D53<0, K53>=0), K53*50%,0)) -> 0 | P53: =P52+M53+N53+O53 -> 0
A54: =+A53+1 -> 37 | B54: Total | D54: =SUM(D42:D53) -> 0 | K54: =SUM(K42:K53) -> 0 | L54: =SUM(L42:L53) -> 0
A56: =+A54+1 -> 38 | B56: Note 2 -
A58: =A56+1 -> 39 | B58: Account 254 - Other Regulatory Liabilities (portion related to deficient or excess ADIT)
A60: =A58+1 -> 40 | G60: Amount debit / <credit>
A61: =+A60+1 -> 41 | B61: Beginning balance (debit or <credit>) | G61: 0
A62: =+A61+1 -> 42 | B62: Less: Portion not related to transmission | G62: 0
A63: =+A62+1 -> 43 | B63: Less: Portion not reflected in rate base | G63: 0
A64: =+A63+1 -> 44 | B64: Subtotal: Portion reflected in rate base | G64: =+G61-G63-G62 -> 0
A65: =+A64+1 -> 45 | B65: Less: Portion subject to proration | G65: 0
A66: =+A65+1 -> 46 | B66: Portion subject to averaging (debit or <credit>) | G66: =+G64-G65 -> 0
A68: =A66+1 -> 47 | B68: Ending balance (debit or <credit>) | G68: 0
A69: =+A68+1 -> 48 | B69: Less: Portion not related to transmission | G69: 0
A70: =+A69+1 -> 49 | B70: Less: Portion not reflected in rate base | G70: 0
A71: =+A70+1 -> 50 | B71: Subtotal: Portion reflected in rate base | G71: =+G68-G69-G70 -> 0
A72: =+A71+1 -> 51 | B72: Less: Portion subject to proration (before proration) | G72: 0
A73: =+A72+1 -> 52 | B73: Portion subject to averaging (before averaging) (debit or <credit>) | G73: =+G71-G72 -> 0
A75: =A73+1 -> 53 | B75: Ending balance of portion subject to proration (prorated) (debit or <credit>) | G75: =+P95 -> 0 | H75: ="From Line "&A95&P80 -> From Line 70(n)
A76: =+A75+1 -> 54 | B76: Average balance of portion subject to averaging | G76: =+(G66+G73)/2 -> 0
A77: =+A76+1 -> 55 | B77: Amount reflected in rate base (debit or <credit>) | G77: =+G75+G76 -> 0 | H77: To Att. 9, Line 6
A79: =A77+1 -> 56 | B79: Account 254 - Other Regulatory Liabilities (portion related to deficient or excess ADIT) | K79: Columns (i) through (n) are not used for the calculation of the projected revenue requirement
B80: (a) | C80: (b) | D80: (c) | E80: (d) | F80: (e) | G80: (f) | H80: (g) | I80: (h) | K80: (i) | L80: (j) | M80: (k) | N80: (l) | O80: (m) | P80: (n)
A81: =+A79+1 -> 57 | B81: Month | C81: Year | D81: Forecasted Monthly Activity debit / <credit> | E81: Forecasted Month-end Balance debit / <credit> | F81: Days until End of Test Period | G81: Days in Test Period | H81: Prorated Forecasted Monthly Activity debit / <credit> | I81: Forecasted Prorated Month-end Balance debit / <credit> | K81: Actual Monthly Activity | L81: Difference between projected monthly and actual monthly activity. | M81: Preserve projected proration when actual monthly and projected monthly activity are either both increases or decreases. | N81: Fifty percent of the difference between projected and actual activity when actual and projected activity are either both increases or decreases. | O81: Fifty percent of actual monthly activity when projected activity is an increase while actual activity is a decrease OR projected activity is a decrease while actual activity is an increase. | P81: Balance reflecting proration or averaging
A82: =+A81+1 -> 58 | E82: prior month (d) + (c) | G82: Line 2 | H82: [(c) x (e) / (f)] | I82: prior month (h) + (g) | L82: (i) - (c) [Note 4] | M82: [Note 5] | N82: [Note 6] | O82: [Note 7] | P82: [Note 8]
A83: =+A81+1 -> 58 | B83: December 31, | C83: - | D83: NA | E83: 0 | F83: NA | G83: =F10 -> 0 | H83: NA | I83: =E83 -> 0 | L83: NA | M83: NA | N83: NA | O83: NA | P83: =G65 -> 0
A84: =+A83+1 -> 59 | B84: January | C84: - | D84: 0 | E84: =E83+D84 -> 0 | F84: =F42 -> 0 | G84: =G83 -> 0 | H84: =IFERROR(D84*F84/G84,0) -> 0 | I84: =+I83+H84 -> 0 | K84: 0 | L84: =K84-D84 -> 0 | M84: =IF(AND( D84>=0, K84>=0), IF( L84>=0, H84, K84/ D84* H84), IF(AND( D84<0, K84<0), IF( L84<0,H84, K84/ D84* H84),0)) -> 0 | N84: =IF(AND( D84>=0, K84>=0), IF( L84>=0, L84*50%,0), IF(AND( D84<0, K84<0),IF( L84<0, L84*50%,0),0)) -> 0 | O84: =IF(AND( D84>=0, K84<=0), K84*50%, IF(AND( D84<0, K84>=0), K84*50%,0)) -> 0 | P84: =P83+M84+N84+O84 -> 0
A85: =+A84+1 -> 60 | B85: February | C85: - | D85: 0 | E85: =E84+D85 -> 0 | F85: 307 | G85: =G84 -> 0 | H85: =IFERROR(D85*F85/G85,0) -> 0 | I85: =+I84+H85 -> 0 | K85: 0 | L85: =K85-D85 -> 0 | M85: =IF(AND( D85>=0, K85>=0), IF( L85>=0, H85, K85/ D85* H85), IF(AND( D85<0, K85<0), IF( L85<0,H85, K85/ D85* H85),0)) -> 0 | N85: =IF(AND( D85>=0, K85>=0), IF( L85>=0, L85*50%,0), IF(AND( D85<0, K85<0),IF( L85<0, L85*50%,0),0)) -> 0 | O85: =IF(AND( D85>=0, K85<=0), K85*50%, IF(AND( D85<0, K85>=0), K85*50%,0)) -> 0 | P85: =P84+M85+N85+O85 -> 0
A86: =+A85+1 -> 61 | B86: March | C86: - | D86: 0 | E86: =E85+D86 -> 0 | F86: 276 | G86: =G85 -> 0 | H86: =IFERROR(D86*F86/G86,0) -> 0 | I86: =+I85+H86 -> 0 | K86: 0 | L86: =K86-D86 -> 0 | M86: =IF(AND( D86>=0, K86>=0), IF( L86>=0, H86, K86/ D86* H86), IF(AND( D86<0, K86<0), IF( L86<0,H86, K86/ D86* H86),0)) -> 0 | N86: =IF(AND( D86>=0, K86>=0), IF( L86>=0, L86*50%,0), IF(AND( D86<0, K86<0),IF( L86<0, L86*50%,0),0)) -> 0 | O86: =IF(AND( D86>=0, K86<=0), K86*50%, IF(AND( D86<0, K86>=0), K86*50%,0)) -> 0 | P86: =P85+M86+N86+O86 -> 0
A87: =+A86+1 -> 62 | B87: April | C87: - | D87: 0 | E87: =E86+D87 -> 0 | F87: 246 | G87: =G86 -> 0 | H87: =IFERROR(D87*F87/G87,0) -> 0 | I87: =+I86+H87 -> 0 | K87: 0 | L87: =K87-D87 -> 0 | M87: =IF(AND( D87>=0, K87>=0), IF( L87>=0, H87, K87/ D87* H87), IF(AND( D87<0, K87<0), IF( L87<0,H87, K87/ D87* H87),0)) -> 0 | N87: =IF(AND( D87>=0, K87>=0), IF( L87>=0, L87*50%,0), IF(AND( D87<0, K87<0),IF( L87<0, L87*50%,0),0)) -> 0 | O87: =IF(AND( D87>=0, K87<=0), K87*50%, IF(AND( D87<0, K87>=0), K87*50%,0)) -> 0 | P87: =P86+M87+N87+O87 -> 0
A88: =+A87+1 -> 63 | B88: May | C88: - | D88: 0 | E88: =E87+D88 -> 0 | F88: 215 | G88: =G87 -> 0 | H88: =IFERROR(D88*F88/G88,0) -> 0 | I88: =+I87+H88 -> 0 | K88: 0 | L88: =K88-D88 -> 0 | M88: =IF(AND( D88>=0, K88>=0), IF( L88>=0, H88, K88/ D88* H88), IF(AND( D88<0, K88<0), IF( L88<0,H88, K88/ D88* H88),0)) -> 0 | N88: =IF(AND( D88>=0, K88>=0), IF( L88>=0, L88*50%,0), IF(AND( D88<0, K88<0),IF( L88<0, L88*50%,0),0)) -> 0 | O88: =IF(AND( D88>=0, K88<=0), K88*50%, IF(AND( D88<0, K88>=0), K88*50%,0)) -> 0 | P88: =P87+M88+N88+O88 -> 0
A89: =+A88+1 -> 64 | B89: June | C89: - | D89: 0 | E89: =E88+D89 -> 0 | F89: 185 | G89: =G88 -> 0 | H89: =IFERROR(D89*F89/G89,0) -> 0 | I89: =+I88+H89 -> 0 | K89: 0 | L89: =K89-D89 -> 0 | M89: =IF(AND( D89>=0, K89>=0), IF( L89>=0, H89, K89/ D89* H89), IF(AND( D89<0, K89<0), IF( L89<0,H89, K89/ D89* H89),0)) -> 0 | N89: =IF(AND( D89>=0, K89>=0), IF( L89>=0, L89*50%,0), IF(AND( D89<0, K89<0),IF( L89<0, L89*50%,0),0)) -> 0 | O89: =IF(AND( D89>=0, K89<=0), K89*50%, IF(AND( D89<0, K89>=0), K89*50%,0)) -> 0 | P89: =P88+M89+N89+O89 -> 0
A90: =+A89+1 -> 65 | B90: July | C90: - | D90: 0 | E90: =E89+D90 -> 0 | F90: 154 | G90: =G89 -> 0 | H90: =IFERROR(D90*F90/G90,0) -> 0 | I90: =+I89+H90 -> 0 | K90: 0 | L90: =K90-D90 -> 0 | M90: =IF(AND( D90>=0, K90>=0), IF( L90>=0, H90, K90/ D90* H90), IF(AND( D90<0, K90<0), IF( L90<0,H90, K90/ D90* H90),0)) -> 0 | N90: =IF(AND( D90>=0, K90>=0), IF( L90>=0, L90*50%,0), IF(AND( D90<0, K90<0),IF( L90<0, L90*50%,0),0)) -> 0 | O90: =IF(AND( D90>=0, K90<=0), K90*50%, IF(AND( D90<0, K90>=0), K90*50%,0)) -> 0 | P90: =P89+M90+N90+O90 -> 0
A91: =+A90+1 -> 66 | B91: August | C91: - | D91: 0 | E91: =E90+D91 -> 0 | F91: 123 | G91: =G90 -> 0 | H91: =IFERROR(D91*F91/G91,0) -> 0 | I91: =+I90+H91 -> 0 | K91: 0 | L91: =K91-D91 -> 0 | M91: =IF(AND( D91>=0, K91>=0), IF( L91>=0, H91, K91/ D91* H91), IF(AND( D91<0, K91<0), IF( L91<0,H91, K91/ D91* H91),0)) -> 0 | N91: =IF(AND( D91>=0, K91>=0), IF( L91>=0, L91*50%,0), IF(AND( D91<0, K91<0),IF( L91<0, L91*50%,0),0)) -> 0 | O91: =IF(AND( D91>=0, K91<=0), K91*50%, IF(AND( D91<0, K91>=0), K91*50%,0)) -> 0 | P91: =P90+M91+N91+O91 -> 0
A92: =+A91+1 -> 67 | B92: September | C92: - | D92: 0 | E92: =E91+D92 -> 0 | F92: 93 | G92: =G91 -> 0 | H92: =IFERROR(D92*F92/G92,0) -> 0 | I92: =+I91+H92 -> 0 | K92: 0 | L92: =K92-D92 -> 0 | M92: =IF(AND( D92>=0, K92>=0), IF( L92>=0, H92, K92/ D92* H92), IF(AND( D92<0, K92<0), IF( L92<0,H92, K92/ D92* H92),0)) -> 0 | N92: =IF(AND( D92>=0, K92>=0), IF( L92>=0, L92*50%,0), IF(AND( D92<0, K92<0),IF( L92<0, L92*50%,0),0)) -> 0 | O92: =IF(AND( D92>=0, K92<=0), K92*50%, IF(AND( D92<0, K92>=0), K92*50%,0)) -> 0 | P92: =P91+M92+N92+O92 -> 0
A93: =+A92+1 -> 68 | B93: October | C93: - | D93: 0 | E93: =E92+D93 -> 0 | F93: 62 | G93: =G92 -> 0 | H93: =IFERROR(D93*F93/G93,0) -> 0 | I93: =+I92+H93 -> 0 | K93: 0 | L93: =K93-D93 -> 0 | M93: =IF(AND( D93>=0, K93>=0), IF( L93>=0, H93, K93/ D93* H93), IF(AND( D93<0, K93<0), IF( L93<0,H93, K93/ D93* H93),0)) -> 0 | N93: =IF(AND( D93>=0, K93>=0), IF( L93>=0, L93*50%,0), IF(AND( D93<0, K93<0),IF( L93<0, L93*50%,0),0)) -> 0 | O93: =IF(AND( D93>=0, K93<=0), K93*50%, IF(AND( D93<0, K93>=0), K93*50%,0)) -> 0 | P93: =P92+M93+N93+O93 -> 0
A94: =+A93+1 -> 69 | B94: November | C94: - | D94: 0 | E94: =E93+D94 -> 0 | F94: 32 | G94: =G93 -> 0 | H94: =IFERROR(D94*F94/G94,0) -> 0 | I94: =+I93+H94 -> 0 | K94: 0 | L94: =K94-D94 -> 0 | M94: =IF(AND( D94>=0, K94>=0), IF( L94>=0, H94, K94/ D94* H94), IF(AND( D94<0, K94<0), IF( L94<0,H94, K94/ D94* H94),0)) -> 0 | N94: =IF(AND( D94>=0, K94>=0), IF( L94>=0, L94*50%,0), IF(AND( D94<0, K94<0),IF( L94<0, L94*50%,0),0)) -> 0 | O94: =IF(AND( D94>=0, K94<=0), K94*50%, IF(AND( D94<0, K94>=0), K94*50%,0)) -> 0 | P94: =P93+M94+N94+O94 -> 0
A95: =+A94+1 -> 70 | B95: December | C95: - | D95: 0 | E95: =E94+D95 -> 0 | F95: 1 | G95: =G94 -> 0 | H95: =IFERROR(D95*F95/G95,0) -> 0 | I95: =+I94+H95 -> 0 | K95: 0 | L95: =K95-D95 -> 0 | M95: =IF(AND( D95>=0, K95>=0), IF( L95>=0, H95, K95/ D95* H95), IF(AND( D95<0, K95<0), IF( L95<0,H95, K95/ D95* H95),0)) -> 0 | N95: =IF(AND( D95>=0, K95>=0), IF( L95>=0, L95*50%,0), IF(AND( D95<0, K95<0),IF( L95<0, L95*50%,0),0)) -> 0 | O95: =IF(AND( D95>=0, K95<=0), K95*50%, IF(AND( D95<0, K95>=0), K95*50%,0)) -> 0 | P95: =P94+M95+N95+O95 -> 0
A96: =+A95+1 -> 71 | B96: Total | D96: =SUM(D84:D95) -> 0 | K96: =SUM(K84:K95) -> 0 | L96: =SUM(L84:L95) -> 0
A98: 72 | B98: Note 4 - Column J is the difference between actual monthly and projected monthly activity (Column I minus Column C). Specifically, if projected and actual activity are both positive, a negative in Column J represents over-projection (i.e., the amount of projected activity that did not occur) and a positive in Column J represents under-projection (i.e., the excess of actual activity over projected activity). If projected and actual activity are both negative, a negative in Column J represents under-projection (i.e., the excess of actual activity over projected activity) and a positive in Column J represents over-projection (i.e., the amount of projected activity that did not occur).
A100: 73 | B100: Note 5 - Column K preserves the effects of excess ADIT proration from the projected revenue requirement when actual monthly excess ADIT activity and projected monthly excess ADIT activity are either both increases or decreases. Specifically, if Column J indicates that excess ADIT activity was over-projected, enter Column G x [Column I / Column C]. If Column J indicates that excess ADIT activity was under-projected, enter the amount from Column G and complete Column L). In other situations, enter zero.
A102: 74 | B102: Note 6 - Column L applies when (1) Column J indicates that excess ADIT activity was under-projected AND (2) actual monthly and projected monthly activity are either both increases or both decreases. Enter 50 percent of the amount from Column J. In other situations, enter zero. The excess ADIT activity in column L is multiplied by 50 percent to reflect averaging of rate base to the extent that the proration requirement has not been applied to a portion of the monthly excess ADIT activity.
A104: 75 | B104: Note 7 - Column M applies when (1) projected monthly activity was an increase while actual monthly activity was a decrease OR (2) projected monthly activity was a decrease while actual monthly activity was an increase. Enter 50 percent of the amount of actual monthly activity (Column I). In other situations, enter zero. The excess ADIT activity in column M is multiplied by 50 percent to reflect averaging of rate base to the extent that the proration requirement has not been applied to a portion of the monthly excess ADIT activity.
A106: 76 | B106: Note 8 - Column N is computed by adding the balance at the end of the prior month to EITHER (1) the sum of prorated monthly excess ADIT activity, if any, from Column K and the portion of monthly excess ADIT activity, if any, from Column L OR (2) the portion of monthly excess ADIT activity in Column M.

Sheet Att 9b -Remeasurement
A1: Page 1 of 1
A2: Attachment 9b
A3: Re-measurement of ADIT and Tax-related Regulatory Assets and Liabilities Resulting from the Tax Change Identified in Line 1
A4: Support for Attachment 9 (Excess or Deficient Accumulated Deferred Income Taxes - Summary
A5: California Grid Holdings LLC
A6: 2027 | B6: Projected
A8: Line No.
A9: 1 | B9: [Identify/describe the tax legislation/change]
A10: =+A9+1 -> 2 | B10: [Describe the computation.]
A11: =+A10+1 -> 3 | B11: The ratemaking treatment of each item in terms of whether it is subject to the normalization requirements (i.e., P or "protected") or not subject to the normalization requirements (i.e., U or "unprotected") and included in rate base or not (i.e., RB or non-RB) is indicated in column (b). The balances are measured at the composite tax rate in effect immediately before the effective date of the change in tax law and remeasured immediately after the change in tax law. Each set of balances includes the appropriate income tax rates and tax gross-up factors (as computed in the specific note for this tax law change in Att. 9). The journal entry to record the remeasurements (Line 16) is based on the differences in balances of accounts recorded prior to the change in law (columns (d)-(h)) and activity in other accounts resulting from the remeasurement (columns (i)-(n)). The remeasurement entry is also included in Att. 9. The accounting is further described in Att. 9, Note 2.
A12: =+A11+1 -> 4 | B12: This worksheet will be included in support of the revenue requirement computation until the excess or deficient ADIT is fully amortized. A similar worksheet will be used for subsequent changes in tax law resulting in re-measurement of ADIT.
B14: (a) | F14: (b) | G14: (c) | H14: (d) | I14: (e) | J14: (f) | K14: (g) | L14: (h) | N14: (i) | O14: (j) | P14: (k) | Q14: (l) | R14: (m) | S14: (n)
A15: =+A12+1 -> 5 | B15: Balances and rates prior to remeasurement
H16: [tax rate] | I16: =H16 -> [tax rate] | J16: =I16 -> [tax rate] | K16: [1/(1-tax rate)] | L16: [1/(1-tax rate)]
A17: =+A15+1 -> 6 | B17: Temporary Difference | H17: Account | I17: Account | J17: Account | K17: Account | L17: Account
A18: =+A17+1 -> 7 | B18: Item | F18: Normalized? | G18: Amount | H18: 190 | I18: 282 | J18: 283 | K18: 182.3 | L18: 254
A20: =A18+1 -> 8 | B20: [Insert rows as necessary]
A21: =A20&"a" -> 8a | B21: [Insert rows as necessary]
A22: =A20&"b" -> 8b | B22: [Insert rows as necessary]
A23: =A20&"..." -> 8... | B23: [Insert rows as necessary]
A24: =A20+1 -> 9 | B24: Total | H24: =SUM(H20:H23) -> 0 | I24: =SUM(I20:I23) -> 0 | J24: =SUM(J20:J23) -> 0 | K24: =SUM(K20:K23) -> 0 | L24: =SUM(L20:L23) -> 0
A26: =A24+1 -> 10 | B26: Remeasured balances and rates | N26: Other accounts affected by remeasurement
A27: =+A26+1 -> 11 | H27: [tax rate] | I27: =H27 -> [tax rate] | J27: =I27 -> [tax rate] | K27: [1/(1-tax rate)] | L27: [1/(1-tax rate)] | P27: =K27 -> [1/(1-tax rate)] | Q27: =L27 -> [1/(1-tax rate)] | R27: =P27 -> [1/(1-tax rate)] | S27: =Q27 -> [1/(1-tax rate)]
A28: =+A27+1 -> 12 | B28: Temporary Difference | H28: Account | I28: Account | J28: Account | K28: Account | L28: Account | N28: Account | O28: Account | P28: Account | Q28: Account | R28: Account | S28: Account
A29: =+A28+1 -> 13 | B29: Item | F29: Normalized? | G29: Amount | H29: 190 | I29: 282 | J29: 283 | K29: 182.3 | L29: 254 | N29: 410.1 | O29: 411.1 | P29: 254 | Q29: 190 | R29: 182.3 | S29: 283
A31: =A29+1 -> 14 | B31: [Insert rows as necessary]
A32: =A31&"a" -> 14a | B32: [Insert rows as necessary]
A33: =A31&"b" -> 14b | B33: [Insert rows as necessary]
A34: =A31&"..." -> 14... | B34: [Insert rows as necessary]
A35: =A31+1 -> 15 | B35: Total | H35: =SUM(H31:H34) -> 0 | I35: =SUM(I31:I34) -> 0 | J35: =SUM(J31:J34) -> 0 | K35: =SUM(K31:K34) -> 0 | L35: =SUM(L31:L34) -> 0 | N35: =SUM(N31:N34) -> 0 | O35: =SUM(O31:O34) -> 0 | P35: =SUM(P31:P34) -> 0 | Q35: =SUM(Q31:Q34) -> 0 | R35: =SUM(R31:R34) -> 0 | S35: =SUM(S31:S34) -> 0
A37: =A35+1 -> 16 | B37: Remeasurement journal entry: debit or <credit> (to Attachment 9) | H37: =H35-H24 -> 0 | I37: =I35-I24 -> 0 | J37: =J35-J24 -> 0 | K37: =K35-K24 -> 0 | L37: =L35-L24 -> 0 | N37: =N35 -> 0 | O37: =O35 -> 0 | P37: =P35 -> 0 | Q37: =Q35 -> 0 | R37: =R35 -> 0 | S37: =S35 -> 0
A39: =A37+1 -> 17 | B39: Summary of Effects on Tax-related Regulatory Assets and Liabilities
A40: =+A39+1 -> 18 | B40: Account 182.3 - included in rate base, subject to normalization rules
A41: =+A40+1 -> 19 | B41: Account 182.3 - included in rate base, not subject to normalization rules
A42: =+A41+1 -> 20 | B42: Account 182.3 - not included in rate base
A43: =+A42+1 -> 21 | B43: Account 254 - included in rate base, subject to normalization rules
A44: =+A43+1 -> 22 | B44: Account 254 - included in rate base, not subject to normalization rules
A45: =+A44+1 -> 23 | B45: Account 254 - not included in rate base

Sheet Att 10 - Proj Rev Req
A1: Attachment 10 | R1: Page 1 of 2
A2: Project Revenue Requirement Worksheet
A3: California Grid Holdings LLC
C6: To be completed in conjunction with Appendix III.
C9: (1) | E9: (2) | H9: (3) | K9: (4)
E10: Appendix III
A11: Line | E11: Page, Line, Col. | H11: Transmission | K11: Allocator
A12: No.
A14: 1 | C14: Gross Plant - Total | E14: Appendix III, p 2, line 5 col 5 | H14: ='Appendix III'!K41 -> 0
A15: 2 | C15: Net Plant - Total | E15: Appendix III, p 2, line 17 col 5 plus line 29, 30 and 35 col 5 | H15: ='Appendix III'!K55+'Appendix III'!K69+'Appendix III'!K71+'Appendix III'!K77 -> 18916091
C17: INCOME TAXES
A18: 3 | C18: Total Income Taxes | E18: Appendix III, p 3, line 44 col 5 | H18: ='Appendix III'!K138 -> 465272.38
A19: 4 | C19: Annual Allocation Factor for Income Taxes | E19: (line 3 divided by line 2 col 3) | H19: =IF(H15=0,0,H18/H15) -> 0.024596646 | K19: =H19 -> 0.024596646
C21: RETURN
A22: 5 | C22: Return on Rate Base | E22: Appendix III, p 3, line 46 col 5 | H22: ='Appendix III'!K141 -> 1627162.1
A23: 6 | C23: Annual Allocation Factor for Return on Rate Base | E23: (line 5 divided by line 2 col 3) | H23: =IF(H15=0,0,H22/H15) -> 0.08602 | K23: =H23 -> 0.08602
A25: 7 | C25: Annual Allocation Factor for Return | E25: Sum of line 4 and 6 | H25: =+H23+H19 -> 0.11061665 | K25: =K19+K23 -> 0.11061665
A29: =+A1 -> Attachment 10 | R29: Page 2 of 2
A30: Project Revenue Requirement Worksheet
A31: California Grid Holdings LLC
C33: -1 | D33: -2 | E33: -3 | F33: -4 | G33: -5 | H33: -6 | I33: -7 | J33: -8 | K33: -9 | L33: -10 | M33: (10a) | N33: -11 | O33: -12 | P33: -13 | Q33: -14
A34: Line No. | C34: Project Name | D34: RTO Project Number | E34: Project Gross Plant | F34: Project Net Plant | G34: Annual Allocation Factor for Return | H34: Project Annual Return | I34: Annual Project Expenses | J34: Project Depr/Amort Expense | K34: Project Annual Revenue Requirement | L34: Competitive Project Adjustment | M34: Project Incentive Adjustment | N34: Total Project Annual Revenue Requirement | O34: Project True-Up Adjustment | P34: Project Prior Period Adjustment | Q34: Net Project Rev Req
E35: (Note A) | F35: (Note B) | G35: (Page 1 line 7) | H35: (Col. 4 * Col. 5) | I35: (Note C) | J35: (Note D) | K35: (Sum Col. 6, 7 & 8) | L35: (Note E) | M35: (Note H) | N35: (Sum Col. 9, 10 and 10a) | O35: (Note F) | P35: (Note G) | Q35: Sum Col. 11 - 13
A37: 8a | C37: [Project 1 - from Att. 12, Line 1] | E37: 0 | F37: 0 | G37: =$K$25 -> 0.11061665 | H37: =F37*G37 -> 0 | I37: 0 | J37: 0 | K37: =I37+H37+J37 -> 0 | L37: ='Att 12 - Proj Cost Adj'!C14 -> 0 | M37: ='Att 12 - Proj Cost Adj'!C47 -> 0 | N37: =+K37+L37+M37 -> 0 | O37: 0 | P37: 0 | Q37: =SUM(N37:P37) -> 0
A38: 8b | C38: [Project 2 - from Att. 12, Line 4] | E38: 0 | F38: 0 | G38: =$K$25 -> 0.11061665 | H38: =F38*G38 -> 0 | I38: 0 | J38: 0 | K38: =I38+H38+J38 -> 0 | L38: ='Att 12 - Proj Cost Adj'!C27 -> 0 | M38: ='Att 12 - Proj Cost Adj'!C61 -> 0 | N38: =+K38+L38+M38 -> 0 | O38: 0 | P38: 0 | Q38: =SUM(N38:P38) -> 0
A39: … | C39: [Add additional Projects from Att. 12 as necessary] | E39: 0 | F39: 0 | G39: =$K$25 -> 0.11061665 | H39: =F39*G39 -> 0 | I39: 0 | J39: 0 | K39: =I39+H39+J39 -> 0 | N39: =+K39+L39+M39 -> 0 | O39: 0 | P39: 0 | Q39: =SUM(N39:P39) -> 0
A40: … | E40: 0 | F40: 0 | G40: =$K$25 -> 0.11061665 | H40: =F40*G40 -> 0 | I40: 0 | J40: 0 | K40: =I40+H40+J40 -> 0 | N40: =+K40+L40+M40 -> 0 | O40: 0 | P40: 0 | Q40: =SUM(N40:P40) -> 0
A41: … | E41: 0 | F41: 0 | G41: =$K$25 -> 0.11061665 | H41: =F41*G41 -> 0 | I41: 0 | J41: 0 | K41: =I41+H41+J41 -> 0 | N41: =+K41+L41+M41 -> 0 | O41: 0 | P41: 0 | Q41: =SUM(N41:P41) -> 0
A42: … | E42: 0 | F42: 0 | G42: =$K$25 -> 0.11061665 | H42: =F42*G42 -> 0 | I42: 0 | J42: 0 | K42: =I42+H42+J42 -> 0 | N42: =+K42+L42+M42 -> 0 | O42: 0 | P42: 0 | Q42: =SUM(N42:P42) -> 0
A43: … | E43: 0 | F43: 0 | G43: =$K$25 -> 0.11061665 | H43: =F43*G43 -> 0 | I43: 0 | J43: 0 | K43: =I43+H43+J43 -> 0 | N43: =+K43+L43+M43 -> 0 | O43: 0 | P43: 0 | Q43: =SUM(N43:P43) -> 0
A44: … | E44: 0 | F44: 0 | G44: =$K$25 -> 0.11061665 | H44: =F44*G44 -> 0 | I44: 0 | J44: 0 | K44: =I44+H44+J44 -> 0 | N44: =+K44+L44+M44 -> 0 | O44: 0 | P44: 0 | Q44: =SUM(N44:P44) -> 0
A45: … | E45: 0 | F45: 0 | G45: =$K$25 -> 0.11061665 | H45: =F45*G45 -> 0 | I45: 0 | J45: 0 | K45: =I45+H45+J45 -> 0 | N45: =+K45+L45+M45 -> 0 | O45: 0 | P45: 0 | Q45: =SUM(N45:P45) -> 0
A46: … | E46: 0 | F46: 0 | G46: =$K$25 -> 0.11061665 | H46: =F46*G46 -> 0 | I46: 0 | J46: 0 | K46: =I46+H46+J46 -> 0 | N46: =+K46+L46+M46 -> 0 | O46: 0 | P46: 0 | Q46: =SUM(N46:P46) -> 0
A47: … | E47: 0 | F47: 0 | G47: =$K$25 -> 0.11061665 | H47: =F47*G47 -> 0 | I47: 0 | J47: 0 | K47: =I47+H47+J47 -> 0 | N47: =+K47+L47+M47 -> 0 | O47: 0 | P47: 0 | Q47: =SUM(N47:P47) -> 0
A48: … | E48: 0 | F48: 0 | G48: =$K$25 -> 0.11061665 | H48: =F48*G48 -> 0 | I48: 0 | J48: 0 | K48: =I48+H48+J48 -> 0 | N48: =+K48+L48+M48 -> 0 | O48: 0 | P48: 0 | Q48: =SUM(N48:P48) -> 0
A49: … | E49: 0 | F49: 0 | G49: =$K$25 -> 0.11061665 | H49: =F49*G49 -> 0 | I49: 0 | J49: 0 | K49: =I49+H49+J49 -> 0 | N49: =+K49+L49+M49 -> 0 | O49: 0 | P49: 0 | Q49: =SUM(N49:P49) -> 0
A50: … | E50: 0 | F50: 0 | G50: =$K$25 -> 0.11061665 | H50: =F50*G50 -> 0 | I50: 0 | J50: 0 | K50: =I50+H50+J50 -> 0 | N50: =+K50+L50+M50 -> 0 | O50: 0 | P50: 0 | Q50: =SUM(N50:P50) -> 0
A51: … | E51: 0 | F51: 0 | G51: =$K$25 -> 0.11061665 | H51: =F51*G51 -> 0 | I51: 0 | J51: 0 | K51: =I51+H51+J51 -> 0 | N51: =+K51+L51+M51 -> 0 | O51: 0 | P51: 0 | Q51: =SUM(N51:P51) -> 0
... A55: … | E55: 0 | F55: 0 | G55: =$K$25 -> 0.11061665 | H55: =F55*G55 -> 0 | I55: 0 | J55: 0 | K55: =I55+H55+J55 -> 0 | N55: =+K55+L55+M55 -> 0 | O55: 0 | P55: 0 | Q55: =SUM(N55:P55) -> 0
Q56: =SUM(N56:P56) -> 0
A57: 9 | C57: Annual Totals | L57: =SUM(L37:L56) -> 0 | M57: =SUM(M37:M56) -> 0 | Q57: =SUM(Q37:Q56) -> 0
A60: Note
A61: Letter
A62: A | C62: Project Gross Plant is the total capital investment for the project calculated using the same method as is used in the calculation of gross plant value in line 1.
C63: Gross plant does not include Unamortized Abandoned Plant.
A64: B | C64: Project Net Plant is the Project Gross Plant Identified in Column 3 less the project's associated Accumulated Depreciation and includes all project-related adjustments to plant (from Appendix III, page 2, lines 29, 30 and 35).
A65: C | C65: Annual Project Expenses are the O&M costs and other taxes associated to the project, either directly assigned or allocated, as directed by CalGrid's cost allocation manual.
A66: D | C66: Project Depreciation Expense is the actual value booked for the project and included in the Depreciation Expense in Appendix III, page 3, lines 20 and 21. Project Amortization Expense includes the amortization of Abandoned Plant booked for the project and included in Appendix III, page 3, line 22.
A67: E | C67: From Att 12 - Project Cost Adjustments, Section 1. The Competitive Project Adjustment will be reported as a negative number.
A68: F | C68: Project True-Up Adjustment is the amount of Annual True-Up related to the project for the Rate Year
A69: G | C69: The Project Prior Period Adjustment is the amount of the adjustment to correct an error related to the project in a prior period other than the rate year
A70: H | C70: From Att 12 - Project Cost Adjustments, Section 2.

Sheet Att 11a - ADIT Summary
A1: Attachment 11a
A2: Accumulated Deferred Income Taxes (ADIT) Worksheet (Summary)
A3: California Grid Holdings LLC
B6: (a) | C6: (b) | D6: (c) | E6: (d) | F6: (e) | G6: (f) | H6: (g)
A7: Line No. | B7: Beginning Balance & Monthly Changes | C7: Year | D7: Balance | E7: Gas, Prod or Other Related | F7: Transmission Related | G7: Plant Related | H7: Labor Related
A9: ADIT-190
A10: 1 | B10: Balance-BOY (Att 11c, Line 34, col b, d, f, h, j) | C10: 2027 | D10: ='Att 11c - ADIT Balance'!C40 -> 6340436 | E10: ='Att 11c - ADIT Balance'!E40 -> 0 | F10: ='Att 11c - ADIT Balance'!G40 -> 6340436 | G10: ='Att 11c - ADIT Balance'!I40 -> 0 | H10: ='Att 11c - ADIT Balance'!K40 -> 0
A11: 2 | B11: Balance-EOY (Att 11c, Line 34, less Line 30, col c, e, g, i, k) | C11: 2027 | D11: ='Att 11c - ADIT Balance'!D40-'Att 11c - ADIT Balance'!D36 -> 0 | E11: ='Att 11c - ADIT Balance'!F40-'Att 11c - ADIT Balance'!F36 -> 0 | F11: ='Att 11c - ADIT Balance'!H40-'Att 11c - ADIT Balance'!H36 -> 0 | G11: ='Att 11c - ADIT Balance'!J40-'Att 11c - ADIT Balance'!J36 -> 0 | H11: ='Att 11c - ADIT Balance'!L40-'Att 11c - ADIT Balance'!L36 -> 0
A12: 3 | B12: EOY Prorated (Att 11b, Line 14, col e, g, i, k, m) | C12: 2027 | D12: ='Att 11b - ADIT Proration'!F23 -> 5754898 | E12: ='Att 11b - ADIT Proration'!N23 -> 0 | F12: ='Att 11b - ADIT Proration'!H23 -> 6069189.4 | G12: ='Att 11b - ADIT Proration'!J23 -> 0 | H12: ='Att 11b - ADIT Proration'!L23 -> 0
A13: 4 | B13: Balance-EOY (Lines 2+3) | C13: 2027 | D13: =D11+D12 -> 5754898 | E13: =E11+E12 -> 0 | F13: =F11+F12 -> 6069189.4 | G13: =G11+G12 -> 0 | H13: =H11+H12 -> 0
A14: 5 | B14: ADIT 190-Average Total | D14: =AVERAGE(D10,D13) -> 6047667 | E14: =AVERAGE(E10,E13) -> 0 | F14: =AVERAGE(F10,F13) -> 6204812.7 | G14: =AVERAGE(G10,G13) -> 0 | H14: =AVERAGE(H10,H13) -> 0
A16: ADIT-282
A17: 6 | B17: Balance-BOY (Att 11c, Line 66, col b, d, f, h, j) | C17: 2027 | D17: ='Att 11c - ADIT Balance'!C82 -> 0 | E17: ='Att 11c - ADIT Balance'!E82 -> 0 | F17: ='Att 11c - ADIT Balance'!G82 -> 0 | G17: ='Att 11c - ADIT Balance'!I82 -> 0 | H17: ='Att 11c - ADIT Balance'!K82 -> 0
A18: 7 | B18: Balance-EOY (Att 11c, Line 66, less Line 62, col c, e, g, i k) | C18: 2027 | D18: ='Att 11c - ADIT Balance'!D82-'Att 11c - ADIT Balance'!D78 -> 0 | E18: ='Att 11c - ADIT Balance'!F82-'Att 11c - ADIT Balance'!F78 -> 0 | F18: ='Att 11c - ADIT Balance'!H82-'Att 11c - ADIT Balance'!H78 -> 0 | G18: ='Att 11c - ADIT Balance'!J82-'Att 11c - ADIT Balance'!J78 -> 0 | H18: ='Att 11c - ADIT Balance'!L82-'Att 11c - ADIT Balance'!L78 -> 0
A19: 8 | B19: EOY Prorated (Att 11b, Line 28, col e, g, i, k, m) | C19: 2027 | D19: ='Att 11b - ADIT Proration'!F39 -> 0 | E19: ='Att 11b - ADIT Proration'!N39 -> 0 | F19: ='Att 11b - ADIT Proration'!H39 -> 0 | G19: ='Att 11b - ADIT Proration'!J39 -> 0 | H19: ='Att 11b - ADIT Proration'!L39 -> 0
A20: 9 | B20: Balance-EOY (Lines 7+8) | C20: 2027 | D20: =D18+D19 -> 0 | E20: =E18+E19 -> 0 | F20: =F18+F19 -> 0 | G20: =G18+G19 -> 0 | H20: =H18+H19 -> 0
A21: 10 | B21: ADIT 282-Average Total | D21: =AVERAGE(D17,D20) -> 0 | E21: =AVERAGE(E17,E20) -> 0 | F21: =AVERAGE(F17,F20) -> 0 | G21: =AVERAGE(G17,G20) -> 0 | H21: =AVERAGE(H17,H20) -> 0
A23: ADIT-283
A24: 11 | B24: Balance-BOY (Att 11c, Line 100, col b, d, f, h, j) | C24: 2027 | D24: ='Att 11c - ADIT Balance'!C126 -> -5390974 | E24: ='Att 11c - ADIT Balance'!E126 -> 0 | F24: ='Att 11c - ADIT Balance'!G126 -> -5390974 | G24: ='Att 11c - ADIT Balance'!I126 -> 0 | H24: ='Att 11c - ADIT Balance'!K126 -> 0
A25: 12 | B25: Balance-EOY (Att 11c, Line 100, col c, e, g, i, k) | C25: 2027 | D25: ='Att 11c - ADIT Balance'!D126 -> -4312779 | E25: ='Att 11c - ADIT Balance'!F126 -> 0 | F25: ='Att 11c - ADIT Balance'!H126 -> -4312779 | G25: ='Att 11c - ADIT Balance'!J126 -> 0 | H25: ='Att 11c - ADIT Balance'!L126 -> 0
A26: 13 | B26: ADIT 283-Average Total | D26: =AVERAGE(D24,D25) -> -4851876.5 | E26: =AVERAGE(E24,E25) -> 0 | F26: =AVERAGE(F24,F25) -> -4851876.5 | G26: =AVERAGE(G24,G25) -> 0 | H26: =AVERAGE(H24,H25) -> 0
B31: A | D31: B | E31: C | F31: D | G31: E
A32: Line No. | B32: Item | D32: Transmission Related | E32: Plant Related | F32: Labor Related | G32: Total
A34: 14 | B34: ADIT 190-Average Total | D34: =F14 -> 6204812.7 | E34: =G14 -> 0 | F34: =H14 -> 0 | G34: =SUM(D34:F34) -> 6204812.7 | H34: Line 5
A35: 15 | B35: Wages & Salary Allocator | D35: N/A | E35: N/A | F35: 0
A36: 16 | B36: Net Plant Allocator | D36: N/A | E36: 0 | F36: N/A
A37: 17 | B37: Transmission Plant Allocator | D37: 1 | E37: N/A | F37: N/A
A38: 18 | B38: ADIT 190-Average Total, Allocated | D38: =D34*D37 -> 6204812.7 | E38: =E34*E36 -> 0 | F38: =F34*F35 -> 0 | G38: =SUM(D38:F38) -> 6204812.7 | H38: to Appendix III, Page 2, Line 22
A41: 19 | B41: ADIT 282-Average Total | D41: =F21 -> 0 | E41: =G21 -> 0 | F41: =H21 -> 0 | G41: =SUM(D41:F41) -> 0 | H41: Line 10
A42: 20 | B42: Wages & Salary Allocator | D42: N/A | E42: N/A | F42: =F35 -> 0
A43: 21 | B43: Net Plant Allocator | D43: N/A | E43: =E36 -> 0 | F43: N/A
A44: 22 | B44: Transmission Plant Allocator | D44: =D37 -> 1 | E44: N/A | F44: N/A
A45: 23 | B45: ADIT 282-Average Total, Allocated | D45: =D41*D44 -> 0 | E45: =E41*E43 -> 0 | F45: =F41*F42 -> 0 | G45: =SUM(D45:F45) -> 0 | H45: to Appendix III, Page 2, Line 20
A48: 24 | B48: ADIT 283-Average Total | D48: =F26 -> -4851876.5 | E48: =G26 -> 0 | F48: =H26 -> 0 | G48: =SUM(D48:F48) -> -4851876.5 | H48: Line 13
A49: 25 | B49: Wages & Salary Allocator | D49: N/A | E49: N/A | F49: =F42 -> 0
A50: 26 | B50: Net Plant Allocator | D50: N/A | E50: =E43 -> 0 | F50: N/A
A51: 27 | B51: Transmission Plant Allocator | D51: =D44 -> 1 | E51: N/A | F51: N/A
A52: 28 | B52: ADIT 283-Average Total, Allocated | D52: =D48*D51 -> -4851876.5 | E52: =E48*E50 -> 0 | F52: =F48*F49 -> 0 | G52: =SUM(D52:F52) -> -4851876.5 | H52: to Appendix III, Page 2, Line 21

Sheet Att 11b - ADIT Proration
A1: Attachment 11b
A2: Accumulated Deferred Income Taxes (ADIT) Worksheet (Proration)
A3: California Grid Holdings LLC
B6: (a) | C6: (b) | D6: (c) | E6: (d) | F6: (e) | G6: (f) | H6: (g) | I6: (h) | J6: (i) | K6: (j) | L6: (k) | M6: (l) | N6: (m)
A7: Line No. | B7: Beginning Balance & Monthly Changes | C7: Month | D7: Year | E7: Weighting for Projection | F7: Beginning Balance/ | G7: Transmission | H7: Transmission Proration | I7: Plant Related | J7: Plant Proration | K7: Labor Related | L7: Labor Proration | M7: Gas, Prod or Other Related | N7: Gas, Prod or Other Related
F8: Monthly Increment | H8: (d) x (f) | J8: (d) x (h) | L8: (d) x (j) | N8: (d) x (l)
A9: ADIT-190-Proration-Note A
A10: 1 | B10: Balance (Att 11c, Line 30) | C10: December | D10: 2027 | E10: =365/365 -> 1 | F10: ='Att 11c - ADIT Balance'!C36 -> 6340436 | G10: ='Att 11c - ADIT Balance'!G36 -> 6340436 | H10: =E10*G10 -> 6340436 | I10: ='Att 11c - ADIT Balance'!I36 -> 0 | J10: =E10*I10 -> 0 | K10: ='Att 11c - ADIT Balance'!K36 -> 0 | L10: =E10*K10 -> 0 | M10: ='Att 11c - ADIT Balance'!E36 -> 0 | N10: =E10*M10 -> 0
A11: 2 | B11: Increment | C11: January | D11: 2027 | E11: =335/365 -> 0.91780822 | F11: -48795 | G11: -48795 | H11: =E11*G11 -> -44784.452 | J11: =E11*I11 -> 0 | L11: =E11*K11 -> 0 | N11: =E11*M11 -> 0
A12: 3 | B12: Increment | C12: February | D12: 2027 | E12: =307/365 -> 0.84109589 | F12: -48795 | G12: -48795 | H12: =E12*G12 -> -41041.274 | J12: =E12*I12 -> 0 | L12: =E12*K12 -> 0 | N12: =E12*M12 -> 0
A13: 4 | B13: Increment | C13: March | D13: 2027 | E13: =276/365 -> 0.75616438 | F13: -48795 | G13: -48795 | H13: =E13*G13 -> -36897.041 | J13: =E13*I13 -> 0 | L13: =E13*K13 -> 0 | N13: =E13*M13 -> 0
A14: 5 | B14: Increment | C14: April | D14: 2027 | E14: =246/365 -> 0.6739726 | F14: -48795 | G14: -48795 | H14: =E14*G14 -> -32886.493 | J14: =E14*I14 -> 0 | L14: =E14*K14 -> 0 | N14: =E14*M14 -> 0
A15: 6 | B15: Increment | C15: May | D15: 2027 | E15: =215/365 -> 0.5890411 | F15: -48795 | G15: -48795 | H15: =E15*G15 -> -28742.26 | J15: =E15*I15 -> 0 | L15: =E15*K15 -> 0 | N15: =E15*M15 -> 0
A16: =A15+1 -> 7 | B16: Increment | C16: June | D16: 2027 | E16: =185/365 -> 0.50684932 | F16: -48795 | G16: -48795 | H16: =E16*G16 -> -24731.712 | J16: =E16*I16 -> 0 | L16: =E16*K16 -> 0 | N16: =E16*M16 -> 0
A17: =A16+1 -> 8 | B17: Increment | C17: July | D17: 2027 | E17: =154/365 -> 0.42191781 | F17: -48795 | G17: -48795 | H17: =E17*G17 -> -20587.479 | J17: =E17*I17 -> 0 | L17: =E17*K17 -> 0 | N17: =E17*M17 -> 0
A18: =A17+1 -> 9 | B18: Increment | C18: August | D18: 2027 | E18: =123/365 -> 0.3369863 | F18: -48795 | G18: -48795 | H18: =E18*G18 -> -16443.247 | J18: =E18*I18 -> 0 | L18: =E18*K18 -> 0 | N18: =E18*M18 -> 0
A19: =A18+1 -> 10 | B19: Increment | C19: September | D19: 2027 | E19: =93/365 -> 0.25479452 | F19: -48795 | G19: -48795 | H19: =E19*G19 -> -12432.699 | J19: =E19*I19 -> 0 | L19: =E19*K19 -> 0 | N19: =E19*M19 -> 0
A20: =A19+1 -> 11 | B20: Increment | C20: October | D20: 2027 | E20: =62/365 -> 0.16986301 | F20: -48795 | G20: -48795 | H20: =E20*G20 -> -8288.4658 | J20: =E20*I20 -> 0 | L20: =E20*K20 -> 0 | N20: =E20*M20 -> 0
A21: =A20+1 -> 12 | B21: Increment | C21: November | D21: 2027 | E21: =32/365 -> 0.087671233 | F21: -48794 | G21: -48794 | H21: =E21*G21 -> -4277.8301 | J21: =E21*I21 -> 0 | L21: =E21*K21 -> 0 | N21: =E21*M21 -> 0
A22: =A21+1 -> 13 | B22: Increment | C22: December | D22: 2027 | E22: =1/365 -> 0.002739726 | F22: -48794 | G22: -48794 | H22: =E22*G22 -> -133.68219 | J22: =E22*I22 -> 0 | L22: =E22*K22 -> 0 | N22: =E22*M22 -> 0
A23: =A22+1 -> 14 | B23: ADIT 190-Prorated EOY Balance | F23: =SUM(F10:F22) -> 5754898 | G23: =SUM(G10:G22) -> 5754898 | H23: =SUM(H10:H22) -> 6069189.4 | I23: =SUM(I10:I22) -> 0 | J23: =SUM(J10:J22) -> 0 | K23: =SUM(K10:K22) -> 0 | L23: =SUM(L10:L22) -> 0 | M23: =SUM(M10:M22) -> 0 | N23: =SUM(N10:N22) -> 0
A25: ADIT-282-Proration-Note B
A26: =A23+1 -> 15 | B26: Balance (Att 11c, Line 62) | C26: December | D26: 2027 | E26: =365/365 -> 1 | F26: ='Att 11c - ADIT Balance'!C78 -> 0 | G26: ='Att 11c - ADIT Balance'!G78 -> 0 | H26: =E26*G26 -> 0 | I26: ='Att 11c - ADIT Balance'!I78 -> 0 | J26: =E26*I26 -> 0 | K26: ='Att 11c - ADIT Balance'!K78 -> 0 | L26: =E26*K26 -> 0 | M26: ='Att 11c - ADIT Balance'!E78 -> 0 | N26: =E26*M26 -> 0
A27: =A26+1 -> 16 | B27: Increment | C27: January | D27: 2027 | E27: =335/365 -> 0.91780822 | H27: =E27*G27 -> 0 | J27: =E27*I27 -> 0 | L27: =E27*K27 -> 0 | N27: =E27*M27 -> 0
A28: =A27+1 -> 17 | B28: Increment | C28: February | D28: 2027 | E28: =307/365 -> 0.84109589 | H28: =E28*G28 -> 0 | J28: =E28*I28 -> 0 | L28: =E28*K28 -> 0 | N28: =E28*M28 -> 0
A29: =A28+1 -> 18 | B29: Increment | C29: March | D29: 2027 | E29: =276/365 -> 0.75616438 | H29: =E29*G29 -> 0 | J29: =E29*I29 -> 0 | L29: =E29*K29 -> 0 | N29: =E29*M29 -> 0
A30: =A29+1 -> 19 | B30: Increment | C30: April | D30: 2027 | E30: =246/365 -> 0.6739726 | H30: =E30*G30 -> 0 | J30: =E30*I30 -> 0 | L30: =E30*K30 -> 0 | N30: =E30*M30 -> 0
A31: =A30+1 -> 20 | B31: Increment | C31: May | D31: 2027 | E31: =215/365 -> 0.5890411 | H31: =E31*G31 -> 0 | J31: =E31*I31 -> 0 | L31: =E31*K31 -> 0 | N31: =E31*M31 -> 0
A32: =A31+1 -> 21 | B32: Increment | C32: June | D32: 2027 | E32: =185/365 -> 0.50684932 | H32: =E32*G32 -> 0 | J32: =E32*I32 -> 0 | L32: =E32*K32 -> 0 | N32: =E32*M32 -> 0
A33: =A32+1 -> 22 | B33: Increment | C33: July | D33: 2027 | E33: =154/365 -> 0.42191781 | H33: =E33*G33 -> 0 | J33: =E33*I33 -> 0 | L33: =E33*K33 -> 0 | N33: =E33*M33 -> 0
A34: =A33+1 -> 23 | B34: Increment | C34: August | D34: 2027 | E34: =123/365 -> 0.3369863 | H34: =E34*G34 -> 0 | J34: =E34*I34 -> 0 | L34: =E34*K34 -> 0 | N34: =E34*M34 -> 0
A35: =A34+1 -> 24 | B35: Increment | C35: September | D35: 2027 | E35: =93/365 -> 0.25479452 | H35: =E35*G35 -> 0 | J35: =E35*I35 -> 0 | L35: =E35*K35 -> 0 | N35: =E35*M35 -> 0
A36: =A35+1 -> 25 | B36: Increment | C36: October | D36: 2027 | E36: =62/365 -> 0.16986301 | H36: =E36*G36 -> 0 | J36: =E36*I36 -> 0 | L36: =E36*K36 -> 0 | N36: =E36*M36 -> 0
A37: =A36+1 -> 26 | B37: Increment | C37: November | D37: 2027 | E37: =32/365 -> 0.087671233 | H37: =E37*G37 -> 0 | J37: =E37*I37 -> 0 | L37: =E37*K37 -> 0 | N37: =E37*M37 -> 0
A38: =A37+1 -> 27 | B38: Increment | C38: December | D38: 2027 | E38: =1/365 -> 0.002739726 | H38: =E38*G38 -> 0 | J38: =E38*I38 -> 0 | L38: =E38*K38 -> 0 | N38: =E38*M38 -> 0
A39: =A38+1 -> 28 | B39: ADIT 282-Prorated EOY Balance | F39: =SUM(F26:F38) -> 0 | G39: =SUM(G26:G38) -> 0 | H39: =SUM(H26:H38) -> 0 | I39: =SUM(I26:I38) -> 0 | J39: =SUM(J26:J38) -> 0 | K39: =SUM(K26:K38) -> 0 | L39: =SUM(L26:L38) -> 0 | M39: =SUM(M26:M38) -> 0 | N39: =SUM(N26:N38) -> 0
A41: Note 1 | B41: Uses a 365 day calendar year.
A42: A | B42: Only amounts in ADIT-190 related to Net Operating Loss (NOL) carryforwards, if applicable, are subject to proration. See Line 30 in Att 11c.
A43: B | B43: Substantial portion, if not all, of the ADIT-282 balance is subject to proration. See Line 62 in Att 11c. Explanation must be provided for any portion of balance not subject to proration.

Sheet Att 11c - ADIT Balance
B1: Attachment 11c
B2: Accumulated Deferred Income Taxes (ADIT) Worksheet (Balances)
B3: California Grid Holdings LLC
B5: A | C5: B | D5: C | E5: D | F5: E | G5: F | H5: G | I5: H | J5: I | K5: J | L5: K | M5: L
A6: Line No. | B6: ADIT-190 | C6: Total BOY Balance | D6: Total EOY Balance | E6: Gas, Prod or Other Related - BOY | F6: Gas, Prod or Other Related - EOY | G6: Transmission Related - BOY | H6: Transmission Related - EOY | I6: Plant Related - BOY | J6: Plant Related - EOY | K6: Labor Related - BOY | L6: Labor Related - EOY | M6: Justification
A7: 1
A8: 2
A9: 3
A10: 4
A11: 5
A12: 6
A13: 7
A14: 8
A15: 9
A16: 10
A17: 11
A18: 12
... A35: 29
A36: 30 | B36: Net Operating Loss Carryforward | C36: 6340436 | D36: 5754898 | G36: =C36 -> 6340436 | H36: =D36 -> 5754898 | M36: Amount subject to Proration
A37: 31 | B37: Subtotal - p234.b (BOY) and 234.c (EOY) | C37: =SUM(C7:C36) -> 6340436 | D37: =SUM(D7:D36) -> 5754898 | E37: =SUM(E7:E36) -> 0 | F37: =SUM(F7:F36) -> 0 | G37: =SUM(G7:G36) -> 6340436 | H37: =SUM(H7:H36) -> 5754898 | I37: =SUM(I7:I36) -> 0 | J37: =SUM(J7:J36) -> 0 | ... L37: =SUM(L7:L36) -> 0
A38: 32 | B38: Less FASB 109 Above if not separately removed
A39: 33 | B39: Less FASB 106 Above if not separately removed
A40: 34 | B40: Total | C40: =C37-C38-C39 -> 6340436 | D40: =D37-D38-D39 -> 5754898 | E40: =E37-E38-E39 -> 0 | F40: =F37-F38-F39 -> 0 | G40: =G37-G38-G39 -> 6340436 | H40: =H37-H38-H39 -> 5754898 | I40: =I37-I38-I39 -> 0 | J40: =J37-J38-J39 -> 0 | ... L40: =L37-L38-L39 -> 0
B41: Instructions for Account 190:
B42: 1. ADIT items related only to Non-Electric Operations (e.g., Gas, Water, Sewer) or Production are directly assigned to Columns D&E
B43: 2. ADIT items related only to Transmission are directly assigned to Columns F&G
B44: 3. ADIT items related to Plant and not in Columns D-G are included in Columns H&I
B45: 4. ADIT items related to Labor and not in Columns D-G are included in Columns J&K
B46: 5. Deferred income taxes arise when items are included in taxable income in different periods than they are included in rates. Therefore if the item giving rise to the ADIT is not included in the formula, the associated ADIT amount shall be excluded. This includes but is not limited to SFAS 109 & 158 balance sheet items and the related ADIT.
B47: 6. Additional lines will be inserted, as necessary, to provide support in tying the Total BOY and EOY balances in columns B and C to page 234 of the FF1.
B49: A | C49: B | D49: C | E49: D | F49: E | G49: F | H49: G | I49: H | J49: I | K49: J | L49: K | M49: L
B50: ADIT- 282 | C50: Total BOY Balance | D50: Total EOY Balance | E50: Gas, Prod or Other Related - BOY | F50: Gas, Prod or Other Related - EOY | G50: Transmission Related - BOY | H50: Transmission Related - EOY | I50: Plant Related - BOY | J50: Plant Related - EOY | K50: Labor Related - BOY | L50: Labor Related - EOY | M50: Justification
A51: 35
A52: 36
A53: 37
A54: 38
A55: 39
A56: 40
A57: 41
A58: 42
A59: 43
A60: 44
A61: 45
A62: 46
... A77: 61
A78: 62 | B78: 282 Items Subject to Proration | M78: Amount subject to Proration
A79: 63 | B79: Subtotal - p274.b (BOY) and p.274.k (EOY) | C79: =SUM(C51:C78) -> 0 | D79: =SUM(D51:D78) -> 0 | E79: =SUM(E51:E78) -> 0 | F79: =SUM(F51:F78) -> 0 | G79: =SUM(G51:G78) -> 0 | H79: =SUM(H51:H78) -> 0 | I79: =SUM(I51:I78) -> 0 | J79: =SUM(J51:J78) -> 0 | ... L79: =SUM(L51:L78) -> 0
A80: 64 | B80: Less FASB 109 Above if not separately removed
A81: 65 | B81: Less FASB 106 Above if not separately removed
A82: 66 | B82: Total | C82: =C79-C80-C81 -> 0 | D82: =D79-D80-D81 -> 0 | E82: =E79-E80-E81 -> 0 | F82: =F79-F80-F81 -> 0 | G82: =G79-G80-G81 -> 0 | H82: =H79-H80-H81 -> 0 | I82: =I79-I80-I81 -> 0 | J82: =J79-J80-J81 -> 0 | ... L82: =L79-L80-L81 -> 0
B83: Instructions for Account 282:
B84: 1. ADIT items related only to Non-Electric Operations (e.g., Gas, Water, Sewer) or Production are directly assigned to Columns D&E
B85: 2. ADIT items related only to Transmission are directly assigned to Columns F&G
B86: 3. ADIT items related to Plant and not in Columns D-G are included in Columns H&I
B87: 4. ADIT items related to Labor and not in Columns D-G are included in Columns J&K
B88: 5. Deferred income taxes arise when items are included in taxable income in different periods than they are included in rates. Therefore if the item giving rise to the ADIT is not included in the formula, the associated ADIT amount shall be excluded. This includes but is not limited to SFAS 109 & 158 balance sheet items and the related ADIT.
B89: 6. Additional lines will be inserted, as necessary, to provide support in tying the Total BOY and EOY balances in columns B and C to page 274 of the FF1.
B91: A | C91: B | D91: C | E91: D | F91: E | G91: F | H91: G | I91: H | J91: I | K91: J | L91: K | M91: L
B92: ADIT- 283 | C92: Total BOY Balance | D92: Total EOY Balance | E92: Gas, Prod or Other Related - BOY | F92: Gas, Prod or Other Related - EOY | G92: Transmission Related - BOY | H92: Transmission Related - EOY | I92: Plant Related - BOY | J92: Plant Related - EOY | K92: Labor Related - BOY | L92: Labor Related - EOY | M92: Justification
A93: 67 | B93: Pre-commercial Regulatory Asset | C93: -5390974 | D93: -4312779 | G93: =C93 -> -5390974 | H93: =D93 -> -4312779 | M93: The related pre-commercial regulatory asset is included in rate base; therefore the related DTL is also included in rate base.
A94: 68
A95: 69
A96: 70
A97: 71
A98: 72
A99: 73
A100: 74
A101: 75
A102: 76
A103: 77
A104: 78
A105: 79
... A122: 96
A123: 97 | B123: Subtotal - p276.b (BOY) and p.276.k (EOY) | C123: =SUM(C93:C122) -> -5390974 | D123: =SUM(D93:D122) -> -4312779 | E123: =SUM(E93:E122) -> 0 | F123: =SUM(F93:F122) -> 0 | G123: =SUM(G93:G122) -> -5390974 | H123: =SUM(H93:H122) -> -4312779 | I123: =SUM(I93:I122) -> 0 | J123: =SUM(J93:J122) -> 0 | ... L123: =SUM(L93:L122) -> 0
A124: 98 | B124: Less FASB 109 Above if not separately removed
A125: 99 | B125: Less FASB 106 Above if not separately removed
A126: 100 | B126: Total | C126: =C123-C124-C125 -> -5390974 | D126: =D123-D124-D125 -> -4312779 | E126: =E123-E124-E125 -> 0 | F126: =F123-F124-F125 -> 0 | G126: =G123-G124-G125 -> -5390974 | H126: =H123-H124-H125 -> -4312779 | I126: =I123-I124-I125 -> 0 | J126: =J123-J124-J125 -> 0 | ... L126: =L123-L124-L125 -> 0
B127: Instructions for Account 283:
B128: 1. ADIT items related only to Non-Electric Operations (e.g., Gas, Water, Sewer) or Production are directly assigned to Columns D&E
B129: 2. ADIT items related only to Transmission are directly assigned to Columns F&G
B130: 3. ADIT items related to Plant and not in Columns D-G are included in Columns H&I
B131: 4. ADIT items related to Labor and not in Columns D-G are included in Columns J&K
B132: 5. Deferred income taxes arise when items are included in taxable income in different periods than they are included in rates. Therefore if the item giving rise to the ADIT is not included in the formula, the associated ADIT amount shall be excluded. This includes but is not limited to SFAS 109 & 158 balance sheet items and the related ADIT.
B133: 6. Additional lines will be inserted, as necessary, to provide support in tying the Total BOY and EOY balances in columns B and C to page 276 of the FF1.

Sheet Att 12 - Proj Cost Adj
B2: Attachment 12
B3: Project Cost Adjustments Worksheet
B4: California Grid Holdings LLC
B6: This worksheet is intended to demonstrate compliance with any applicable binding cost containment commitments or Commission approved incentives for any projects included in this Formula Rate Template. The worksheet will be updated with detailed project information if/when a cost containment commitment or Commission approved project incentive is included for recovery in this formula rate. Section 1 includes, for each project that is contained in this formula rate template, the specific cost containment commitments, a description of the cost containment commitment, the source of agreement for the cost containment commitment, the revenue requirement value of the cost containment commitment and the source reflecting where support for the cost containment commitment compliance is included in supporting workpapers (to be provided with each annual update). Cost containments for each project will only use inputs that derive a lower revenue requirement value than what would otherwise be obtained through this Commission-approved formula rate template. Section 2 includes, for each project that is contained in this formula rate template, any specific project incentive that has been approved by the Commission, a description of the incentive, the docket number where the incentive was approved, the revenue requirement value of the incentive and the source reflecting where the support for the incentive calculation compliance is included in supporting workpapers (to be provided with each annual update). Project incentives can only be included if approved by the Commission.
B8: Section 1 - Cost Containment Commitments, by Project (Note A)
B10: (Line)
C11: Project #1 Name
B12: 1
C13: Project #1 Competitive Project Adjustment (Note B) | E13: Source for Calculation Support (Note E)
B14: 2 | C14: 0
C15: -1 | D15: -2 | L15: -3 | M15: -4
C16: Cost Commitment | D16: Description | L16: Source of Cost Commitment | M16: Source for Supporting Calculation
D17: (Note C) | L17: (Note D) | M17: (Note E)
B18: 3a
B19: 3b
B20: 3c
B21: …
C24: Project #2 Name
B25: 4
C26: Project #2 Competitive Project Adjustment (Note B) | E26: Source for Calculation Support (Note E)
B27: 5 | C27: 0
C28: -1 | D28: -2 | L28: -3 | M28: -4
C29: Cost Commitment | D29: Cost Commitment Description | L29: Source of Cost Commitment | M29: Source for Supporting Calculation
D30: (Note C) | L30: (Note D) | M30: (Note E)
B31: 6a
B32: 6b
B33: 6c
B34: …
B36: Note A | C36: Additional project sections will be added to this attachment as necessary to support any project that is contained within this formula rate template, for which cost containment measures were agreed. Additional lines will be added to each project section as necessary to support all of the cost commitment provisions for the project.
B37: Note B | C37: The Competitive Project Adjustment for each project is the total revenue requirement decrease for all cost commitments made for the project.
B38: Note C | C38: A detailed description will be provided for each cost commitment, sourced from the original documentation where the commitment was made
B39: Note D | C39: The source of the cost commitment will be provided in this section, with a reference to where the commitment can be found in the source documentation (e.g. APSA or other relevant contract)
B40: Note E | C40: Supporting documentation will be filed with each annual update to provide evidence of compliance with the cost commitment and the calculation of the project's overall competitive project adjustment. This section will provide the reference to where the calculation was made to support each cost commitment and the overall competitive project adjustment for the project.
B43: Section 2 - Project Incentives, by Project (Note F)
B45: (Line)
C46: Project #1 Name
B47: 7
C48: Project #1 Incentive Amount (Note G) | E48: Source for Calculation Support (Note J)
B49: 8 | C49: 0
C50: -1 | D50: -2 | L50: -3 | M50: -4
C51: Project Incentive | D51: Project Incentive Description | L51: Approval Docket | M51: Source for Supporting Calculation
D52: (Note H) | M52: (Note I)
B53: 9a
B54: 9b
B55: …
C58: Project #2 Name
B59: 10
C60: Project #2 Incentive Amount (Note G) | E60: Source for Calculation Support (Note J)
B61: 11 | C61: 0
C62: -1 | D62: -2 | L62: -3 | M62: -4
C63: Project Incentive | D63: Project Incentive Description | L63: Approval Docket | M63: Source for Supporting Calculation
D64: (Note H) | M64: (Note I)
B65: 12a
B66: 12b
B67: …
B69: Note F | C69: Additional project sections will be added to this attachment as necessary to support any project that is contained within this formula rate template, for which project incentives were approved by the Commission. Additional lines will be added to each project section as necessary to support all of the incentives approved for the project.
B70: Note G | C70: The Project Incentive Amount is the total revenue requirement increase for all Commission-approved incentives relating to a project.
B71: Note H | C71: A detailed description will be provided for each Commission approved incentive, sourced from the docket where the incentive was approved.
B72: Note I | C72: Supporting documentation will be filed with each annual update to provide evidence of compliance with the project incentive and the calculation of the revenue requirement impact of the project's incentive. This section will provide the reference to where the calculation was made to support each project incentive and their overall revenue requirement impact for the project.
